Workbook
Name OLE_LINK1: 'Parcela 1'!$C$108

Sheet DADOS
A5: EXERCÍCIO: | C5: 2025
A8: CONTRATANTE | D8: Prefeitura Municipal de Americana
A9: CONTRATADA | D9: Associação Beneficente Residencial Evangélico Benaiah
A10: ENDEREÇO | D10: Rua Benaiah, 290 - Terramérica - Americana/SP – CEP 13.468-824
A11: RESPONSAVEL PELA ORGANIZAÇÃO | D11: HELIO DE OLIVEIRA CAMARGO
A13: TERMO DE COLABORAÇÃO | D13: 148/2025 | E13: ADITAMENTO
A14: CNPJ: | B14: 43.266.758/0001-89
A18: PARCELA
A19: Valor das Parcelas | D19: RECURSOS HUMANOS | E19: UTILIDADES PÚBLICAS | F19: GENEROS ALIMENTICIOS | G19: MATERIAIS DE CONSUMO | H19: COMBUSTIVEL | I19: OUTRAS DESPESAS | J19: TOTAL MANUTENÇÃO | K19: TOTAL GERAL
C20: =18228*9 -> 164052 | D20: =C20 -> 164052 | E20: 0 | H20: 0 | I20: 0 | J20: =SUM(E20:I20) -> 0 | K20: =J20+D20 -> 164052
A21: 01 | B21: abril | C21: =ROUNDDOWN(C$20/9,2) -> 18228 | D21: =ROUNDDOWN(D$20/9,2) -> 18228 | E21: =ROUNDDOWN(E$20/12,2) -> 0 | F21: =ROUNDDOWN(F$20/12,2) -> 0 | G21: =ROUNDDOWN(G$20/12,2) -> 0 | H21: =ROUNDDOWN(H$20/12,2) -> 0 | I21: =ROUNDDOWN(I$20/12,2) -> 0 | J21: =SUM(E21:I21) -> 0 | K21: =J21+D21 -> 18228
A22: 02 | B22: maio | C22: =ROUNDDOWN(C$20/9,2) -> 18228 | D22: =ROUNDDOWN(D$20/9,2) -> 18228 | E22: =ROUNDDOWN(E$20/12,2) -> 0 | F22: =ROUNDDOWN(F$20/12,2) -> 0 | G22: =ROUNDDOWN(G$20/12,2) -> 0 | H22: =ROUNDDOWN(H$20/12,2) -> 0 | I22: =ROUNDDOWN(I$20/12,2) -> 0 | J22: =SUM(E22:I22) -> 0 | K22: =J22+D22 -> 18228
A23: 03 | B23: junho | C23: =ROUNDDOWN(C$20/9,2) -> 18228 | D23: =ROUNDDOWN(D$20/9,2) -> 18228 | E23: =ROUNDDOWN(E$20/12,2) -> 0 | F23: =ROUNDDOWN(F$20/12,2) -> 0 | G23: =ROUNDDOWN(G$20/12,2) -> 0 | H23: =ROUNDDOWN(H$20/12,2) -> 0 | I23: =ROUNDDOWN(I$20/12,2) -> 0 | J23: =SUM(E23:I23) -> 0 | K23: =J23+D23 -> 18228
A24: 04 | B24: julho | C24: =ROUNDDOWN(C$20/9,2) -> 18228 | D24: =ROUNDDOWN(D$20/9,2) -> 18228 | E24: =ROUNDDOWN(E$20/12,2) -> 0 | F24: =ROUNDDOWN(F$20/12,2) -> 0 | G24: =ROUNDDOWN(G$20/12,2) -> 0 | H24: =ROUNDDOWN(H$20/12,2) -> 0 | I24: =ROUNDDOWN(I$20/12,2) -> 0 | J24: =SUM(E24:I24) -> 0 | K24: =J24+D24 -> 18228
A25: 05 | B25: agosto | C25: =ROUNDDOWN(C$20/9,2) -> 18228 | D25: =ROUNDDOWN(D$20/9,2) -> 18228 | E25: =ROUNDDOWN(E$20/12,2) -> 0 | F25: =ROUNDDOWN(F$20/12,2) -> 0 | G25: =ROUNDDOWN(G$20/12,2) -> 0 | H25: =ROUNDDOWN(H$20/12,2) -> 0 | I25: =ROUNDDOWN(I$20/12,2) -> 0 | J25: =SUM(E25:I25) -> 0 | K25: =J25+D25 -> 18228
A26: 06 | B26: setembro | C26: =ROUNDDOWN(C$20/9,2) -> 18228 | D26: =ROUNDDOWN(D$20/9,2) -> 18228 | E26: =ROUNDDOWN(E$20/12,2) -> 0 | F26: =ROUNDDOWN(F$20/12,2) -> 0 | G26: =ROUNDDOWN(G$20/12,2) -> 0 | H26: =ROUNDDOWN(H$20/12,2) -> 0 | I26: =ROUNDDOWN(I$20/12,2) -> 0 | J26: =SUM(E26:I26) -> 0 | K26: =J26+D26 -> 18228
A27: 07 | B27: outubro | C27: =ROUNDDOWN(C$20/9,2) -> 18228 | D27: =ROUNDDOWN(D$20/9,2) -> 18228 | E27: =ROUNDDOWN(E$20/12,2) -> 0 | F27: =ROUNDDOWN(F$20/12,2) -> 0 | G27: =ROUNDDOWN(G$20/12,2) -> 0 | H27: =ROUNDDOWN(H$20/12,2) -> 0 | I27: =ROUNDDOWN(I$20/12,2) -> 0 | J27: =SUM(E27:I27) -> 0 | K27: =J27+D27 -> 18228
A28: 08 | B28: novembro | C28: =ROUNDDOWN(C$20/9,2) -> 18228 | D28: =ROUNDDOWN(D$20/9,2) -> 18228 | E28: =ROUNDDOWN(E$20/12,2) -> 0 | F28: =ROUNDDOWN(F$20/12,2) -> 0 | G28: =ROUNDDOWN(G$20/12,2) -> 0 | H28: =ROUNDDOWN(H$20/12,2) -> 0 | I28: =ROUNDDOWN(I$20/12,2) -> 0 | J28: =SUM(E28:I28) -> 0 | K28: =J28+D28 -> 18228
A29: 09 | B29: dezembro | C29: =ROUNDDOWN(C$20/9,2) -> 18228 | D29: =ROUNDDOWN(D$20/9,2) -> 18228 | E29: =ROUNDDOWN(E$20/12,2) -> 0 | F29: =ROUNDDOWN(F$20/12,2) -> 0 | G29: =ROUNDDOWN(G$20/12,2) -> 0 | H29: =ROUNDDOWN(H$20/12,2) -> 0 | I29: =ROUNDDOWN(I$20/12,2) -> 0 | J29: =SUM(E29:I29) -> 0 | K29: =J29+D29 -> 18228
A30: 10 | B30: janeiro | E30: =ROUNDDOWN(E$20/12,2) -> 0 | F30: =ROUNDDOWN(F$20/12,2) -> 0 | G30: =ROUNDDOWN(G$20/12,2) -> 0 | H30: =ROUNDDOWN(H$20/12,2) -> 0 | I30: =ROUNDDOWN(I$20/12,2) -> 0 | J30: =SUM(E30:I30) -> 0 | K30: =J30+D30 -> 0
A31: 11 | B31: fevereiro | E31: =ROUNDDOWN(E$20/12,2) -> 0 | F31: =ROUNDDOWN(F$20/12,2) -> 0 | G31: =ROUNDDOWN(G$20/12,2) -> 0 | H31: =ROUNDDOWN(H$20/12,2) -> 0 | I31: =ROUNDDOWN(I$20/12,2) -> 0 | J31: =SUM(E31:I31) -> 0 | K31: =J31+D31 -> 0
A32: 12 | B32: março | E32: =ROUNDDOWN(E$20/12,2) -> 0 | F32: =ROUNDDOWN(F$20/12,2) -> 0 | G32: =ROUNDDOWN(G$20/12,2) -> 0 | H32: =ROUNDDOWN(H$20/12,2) -> 0 | I32: =ROUNDDOWN(I$20/12,2) -> 0 | J32: =SUM(E32:I32) -> 0 | K32: =J32+D32 -> 0
B33: TOTAIS | C33: =SUM(C21:C32) -> 164052 | D33: =SUM(D21:D32) -> 164052 | E33: =SUM(E21:E32) -> 0 | F33: =SUM(F21:F32) -> 0 | G33: =SUM(G21:G32) -> 0 | H33: =SUM(H21:H32) -> 0 | I33: =SUM(I21:I32) -> 0 | J33: =SUM(J21:J32) -> 0 | K33: =SUM(K21:K32) -> 164052

Sheet Parcela 1
A4: DEMONSTRATIVO INTEGRAL DAS RECEITAS E DESPESAS
D5: =DADOS!A5 -> EXERCÍCIO: | E5: =DADOS!C5 -> 2025
A8: =DADOS!A$8 -> CONTRATANTE | D8: =DADOS!D$8 -> Prefeitura Municipal de Americana
A9: =DADOS!A$9 -> CONTRATADA | D9: =DADOS!D$9 -> Associação Beneficente Residencial Evangélico Benaiah
A10: =DADOS!A$14 -> CNPJ: | D10: =DADOS!B$14 -> 43.266.758/0001-89
A11: =DADOS!A$10 -> ENDEREÇO | D11: =DADOS!D$10 -> Rua Benaiah, 290 - Terramérica - Americana/SP – CEP 13.468-824
A12: =DADOS!A$11 -> RESPONSAVEL PELA ORGANIZAÇÃO | D12: =DADOS!D$11 -> HELIO DE OLIVEIRA CAMARGO
A13: =DADOS!A$13 -> TERMO DE COLABORAÇÃO | D13: =DADOS!D13 -> 148/2025 | E13: =DADOS!E13 -> ADITAMENTO | F13: =DADOS!F13 -> 0
A16: PARCELA Nº | C16: 1
A17: DEMOSTRATICO DOS REPASSES PÚBLICOS RECEBIDOS
A18: ORIGEM DOS RECURSOS | C18: VALORES PREVISTOS - R$ | E18: DOC. DE CRÉDITO Nº | F18: DATA | G18: VALORES
G19: REPASSADOS -R$
A20: Estadual | D20: =DADOS!C21 -> 18228 | E20: 000001 | F20: 45772 | G20: 18228
F24: RECEITA COM APLICAÇÕES FINANCEIRAS DOS REPASSES PÚBLICOS
F25: SALDO DE RECURSOS PÚBLICOS NÃO APLICADOS
F26: TOTAL | G26: =SUM(G20:G25) -> 18228
F27: RECURSOS PROPRIOS APLICADOS PELA ENTIDADE
A28: Os signatários, na qualidade de representantes da Associação Beneficente Residencial Evangélico Benaiah, vem indicar,
A29: na forma abaixo detalhada, a aplicação dos recursos recebidos no exercício supramencionado, na importância total de
A30: =SUM(G20:G23) -> 18228 | B30: (dezoito mil, duzentos e vinte e oito reais), acrescidos do saldo de recursos não
A31: aplicados no valor de R$ | C31: =G25 -> 0 | D31: ( reais)
A32: DEMONSTRATIVO DAS DESPESAS REALIZADAS
A33: CATEGORIA OU FINALIDADE | D33: PERIODO DE | F33: ORIGEM DO | G33: VALORES
A34: DAS DESPESAS | D34: REALIZAÇÃO | F34: RECURSO | G34: APLICADOS
A35: RECURSOS HUMANOS | D35: =DADOS!B$21 -> abril | F35: Estadual | G35: =G103 -> 18228
A36: MANUTENÇÃO - Utilidades públicas | D36: =DADOS!B$21 -> abril | F36: Estadual | G36: =G111 -> 0
A37: MANUTENÇÃO - Gêneros alimentícios | D37: =DADOS!B$21 -> abril | F37: Estadual | G37: =G126 -> 0
A38: MANUTENÇÃO - Mateirais de consumo | D38: =DADOS!B$21 -> abril | F38: Estadual | G38: =G138 -> 0
A39: MANUTENÇÃO - Combustível | D39: =DADOS!B$21 -> abril | F39: Municipal | G39: =G144 -> 0
A40: MANUTENÇÃO - Outras despesas | D40: =DADOS!B$21 -> abril | F40: Estadual | G40: =G153 -> 0
A41: TOTAL DAS DESPESAS | G41: =SUM(G35:G40) -> 18228
A42: RECURSO PÚBLICO NÃO APLICADO | G42: =SUM(G26-G41) -> 0
A43: VALOR DEVOLVIDO AO ORGÃO CONCESSOR
A44: VALOR AUTORIZADO PARA APLICAÇÃO NO EXERCICIO SEGUINTE | G44: =G42-G43 -> 0
A45: Declaramos, na qualidade de responsáveis pela Entidade supra epigrafada, sob as penalidades da Lei, que as despesas relacionadas, examinadas pelo Conselho Fiscal, comprovam a exata aplicação dos recursos recebidos para os fins indicados através da conta corrente 1292-000577596477-9, agência 0278, da CEF, para finalidade específica, conforme programa de trabalho aprovado, proposto ao Órgão Concessor.
B47: Americana, | C47: 15 de maio de 2025.
A53: Menbros do Conselho Fiscal
B57: =A4 -> DEMONSTRATIVO INTEGRAL DAS RECEITAS E DESPESAS
D58: =D5 -> EXERCÍCIO: | E58: =E5 -> 2025
A60: =A8 -> CONTRATANTE | D60: =D8 -> Prefeitura Municipal de Americana
A61: =A9 -> CONTRATADA | D61: =D9 -> Associação Beneficente Residencial Evangélico Benaiah
A62: =A10 -> CNPJ: | D62: =D10 -> 43.266.758/0001-89
A63: =A11 -> ENDEREÇO | D63: =D11 -> Rua Benaiah, 290 - Terramérica - Americana/SP – CEP 13.468-824
A64: =A12 -> RESPONSAVEL PELA ORGANIZAÇÃO | D64: =D12 -> HELIO DE OLIVEIRA CAMARGO
A65: =A13 -> TERMO DE COLABORAÇÃO | D65: =D13 -> 148/2025 | E65: =E13 -> ADITAMENTO | F65: =F13 -> 0
A66: PARCELA Nº | C66: =C16 -> 1
A67: RECURSOS HUMANOS (5) - Salários, encargos e benefícios
A68: DATA DO | C68: ESPECIFICAÇÃO DO | E68: NATUREZA DA DESPESA | G68: VALOR - R$
A69: DOCUMENTO | C69: DOCUMENTO | E69: RESUMIDAMENTE
A70: 45776 | C70: Vegas Card-Rec.432644(parte) | E70: Vale alimentação | G70: 11780
A71: 45748 | C71: GPS-Comp.04/2025(parte) | E71: Folha de pagamento - GPS | G71: 6448
J102: =DADOS!D$21 -> 18228
F103: TOTAL RECURSOS HUMANOS | G103: =SUM(G70:G102) -> 18228 | H103: =IF(J103>J102*0.05,"DIMINUIR VALOR",IF(J103<-J102*0.05,"AUMENTAR VALOR","")) | J103: =G103-J102 -> 0
A104: MANUTENÇÃO: Uilidades públicas (7) - Energia Elétrica, água e esgoto, gás, telefone e internet
A105: DATA DO | C105: ESPECIFICAÇÃO DO | E105: NATUREZA DA DESPESA | G105: VALOR - R$
A106: DOCUMENTO | C106: DOCUMENTO | E106: RESUMIDAMENTE
J110: =DADOS!E$21 -> 0
F111: TOTAL UTILIDADES PÚBLICAS | G111: =SUM(G107:G110) -> 0 | H111: =IF(J111>J110*0.05,"DIMINUIR VALOR",IF(J111<-J110*0.05,"AUMENTAR VALOR","")) | J111: =G111-J110 -> 0
A112: MANUTENÇÃO: Gêneros alimentícios
A113: DATA DO | C113: ESPECIFICAÇÃO DO | E113: NATUREZA DA DESPESA | G113: VALOR - R$
J125: =DADOS!F$21 -> 0
F126: TOTAL GÊNEROS ALIMENTICIOS | G126: =SUM(G115:G125) -> 0 | H126: =IF(J126>J125*0.05,"DIMINUIR VALOR",IF(J126<-J125*0.05,"AUMENTAR VALOR","")) | J126: =G126-J125 -> 0
A127: MANUTENÇÃO: Materiais de consumo
A128: DATA DO | C128: ESPECIFICAÇÃO DO | E128: NATUREZA DA DESPESA | G128: VALOR - R$
A129: DOCUMENTO | C129: DOCUMENTO | E129: RESUMIDAMENTE
J137: =DADOS!G$21 -> 0
F138: TOTAL MATERIAIS DE CONSUMO | G138: =SUM(G130:G137) -> 0 | H138: =IF(J138>J137*0.05,"DIMINUIR VALOR",IF(J138<-J137*0.05,"AUMENTAR VALOR","")) | J138: =G138-J137 -> 0
A139: MANUTENÇÃO: Combustível
A140: DATA DO | C140: ESPECIFICAÇÃO DO | E140: NATUREZA DA DESPESA | G140: VALOR - R$
A141: DOCUMENTO | C141: DOCUMENTO | E141: RESUMIDAMENTE
F144: TOTAL COMBUSTIVEL | G144: =SUM(G142:G143) -> 0
A145: MANUTENÇÃO: Outras despesas
A146: DATA DO | C146: ESPECIFICAÇÃO DO | E146: NATUREZA DA DESPESA | G146: VALOR - R$
A147: DOCUMENTO | C147: DOCUMENTO | E147: RESUMIDAMENTE
J150: =DADOS!I$21 -> 0
H151: =IF(J151>J150*0.05,"DIMINUIR VALOR",IF(J151<-J150*0.05,"AUMENTAR VALOR","")) | J151: =G153-J150 -> 0
F153: TOTAL OUTRAS DESPESAS | G153: =SUM(G148:G152) -> 0 | J153: =DADOS!J$21 -> 0
F154: TOTAL MANUTENÇÃO | G154: =SUM(G153+G144+G138+G126+G111) -> 0 | H154: =IF(J154>J153*0.05,"DIMINUIR VALOR",IF(J154<-J153*0.05,"AUMENTAR VALOR","")) | J154: =G154-J153 -> 0
F155: TOTAL GERAL | G155: =SUM(G154+G103) -> 18228 | H155: =IF(G155>J155,"DIMINUIR VALOR",IF(G155<J155,"AUMENTAR VALOR","")) | J155: =J102+J153 -> 18228
A156: Declaramos que os valores acima conferem com o Demonstrativo Integral das Receitas e Despesas do Exercício, elaborado nos moldes das Instruções vigentes do Tribunal de Contas do Estado de São Paulo.
B157: Americana, | C157: =C47 -> 15 de maio de 2025.
A172: Declaração
A175: Declaramos, para os devidos fins, que os comprovantes de despesas constantes na Prestação de Contas da
A176: parcela abaixo, estão devidamente quitados:
A177: =C16 -> 1 | B177: ª parcela do | C177: =A13 -> TERMO DE COLABORAÇÃO | E177: =D13 -> 148/2025 | F177: =E13 -> ADITAMENTO | G177: =F13 -> 0
B179: Americana, | C179: =C47 -> 15 de maio de 2025.

Sheet Parcela 2
A4: DEMONSTRATIVO INTEGRAL DAS RECEITAS E DESPESAS
D5: =DADOS!A5 -> EXERCÍCIO: | E5: =DADOS!C5 -> 2025
A8: =DADOS!A$8 -> CONTRATANTE | D8: =DADOS!D$8 -> Prefeitura Municipal de Americana
A9: =DADOS!A$9 -> CONTRATADA | D9: =DADOS!D$9 -> Associação Beneficente Residencial Evangélico Benaiah
A10: =DADOS!A$14 -> CNPJ: | D10: =DADOS!B$14 -> 43.266.758/0001-89
A11: =DADOS!A$10 -> ENDEREÇO | D11: =DADOS!D$10 -> Rua Benaiah, 290 - Terramérica - Americana/SP – CEP 13.468-824
A12: =DADOS!A$11 -> RESPONSAVEL PELA ORGANIZAÇÃO | D12: =DADOS!D$11 -> HELIO DE OLIVEIRA CAMARGO
A13: =DADOS!A$13 -> TERMO DE COLABORAÇÃO | D13: =DADOS!D13 -> 148/2025 | E13: =DADOS!E13 -> ADITAMENTO | F13: =DADOS!F13 -> 0
A16: PARCELA Nº | C16: 2
A17: DEMOSTRATICO DOS REPASSES PÚBLICOS RECEBIDOS
A18: ORIGEM DOS RECURSOS | C18: VALORES PREVISTOS - R$ | E18: DOC. DE CRÉDITO Nº | F18: DATA | G18: VALORES
G19: REPASSADOS -R$
A20: Estadual | D20: =DADOS!C22 -> 18228 | E20: 000001 | F20: 45800 | G20: 18228
F24: RECEITA COM APLICAÇÕES FINANCEIRAS DOS REPASSES PÚBLICOS
F25: SALDO DE RECURSOS PÚBLICOS NÃO APLICADOS
F26: TOTAL | G26: =SUM(G20:G25) -> 18228
F27: RECURSOS PROPRIOS APLICADOS PELA ENTIDADE
A28: Os signatários, na qualidade de representantes da Associação Beneficente Residencial Evangélico Benaiah, vem indicar,
A29: na forma abaixo detalhada, a aplicação dos recursos recebidos no exercício supramencionado, na importância total de
A30: =SUM(G20:G23) -> 18228 | B30: (dezoito mil, duzentos e vinte e oito reais), acrescidos do saldo de recursos não
A31: aplicados no valor de R$ | C31: =G25 -> 0 | D31: ( reais)
A32: DEMONSTRATIVO DAS DESPESAS REALIZADAS
A33: CATEGORIA OU FINALIDADE | D33: PERIODO DE | F33: ORIGEM DO | G33: VALORES
A34: DAS DESPESAS | D34: REALIZAÇÃO | F34: RECURSO | G34: APLICADOS
A35: RECURSOS HUMANOS | D35: =DADOS!B$22 -> maio | F35: Estadual | G35: =G103 -> 18228
A36: MANUTENÇÃO - Utilidades públicas | D36: =DADOS!B$22 -> maio | F36: Estadual | G36: =G111 -> 0
A37: MANUTENÇÃO - Gêneros alimentícios | D37: =DADOS!B$22 -> maio | F37: Estadual | G37: =G126 -> 0
A38: MANUTENÇÃO - Mateirais de consumo | D38: =DADOS!B$22 -> maio | F38: Estadual | G38: =G138 -> 0
A39: MANUTENÇÃO - Combustível | D39: =DADOS!B$22 -> maio | F39: Municipal | G39: =G144 -> 0
A40: MANUTENÇÃO - Outras despesas | D40: =DADOS!B$22 -> maio | F40: Estadual | G40: =G153 -> 0
A41: TOTAL DAS DESPESAS | G41: =SUM(G35:G40) -> 18228
A42: RECURSO PÚBLICO NÃO APLICADO | G42: =SUM(G20:G23)-G41 -> 0 | H42: =G26-G41-G25 -> 0
A43: VALOR DEVOLVIDO AO ORGÃO CONCESSOR
A44: VALOR AUTORIZADO PARA APLICAÇÃO NO EXERCICIO SEGUINTE | G44: =G26-G41-G43 -> 0
A45: Declaramos, na qualidade de responsáveis pela Entidade supra epigrafada, sob as penalidades da Lei, que as despesas relacionadas, examinadas pelo Conselho Fiscal, comprovam a exata aplicação dos recursos recebidos para os fins indicados através da conta corrente 003/00004496-0, agência 0278, da CEF, para finalidade específica, conforme programa de trabalho aprovado, proposto ao Órgão Concessor.
B47: Americana, | C47: 18 de junho de 2025.
A53: Menbros do Conselho Fiscal
B57: =A4 -> DEMONSTRATIVO INTEGRAL DAS RECEITAS E DESPESAS
D58: =D5 -> EXERCÍCIO: | E58: =E5 -> 2025
A60: =A8 -> CONTRATANTE | D60: =D8 -> Prefeitura Municipal de Americana
A61: =A9 -> CONTRATADA | D61: =D9 -> Associação Beneficente Residencial Evangélico Benaiah
A62: =A10 -> CNPJ: | D62: =D10 -> 43.266.758/0001-89
A63: =A11 -> ENDEREÇO | D63: =D11 -> Rua Benaiah, 290 - Terramérica - Americana/SP – CEP 13.468-824
A64: =A12 -> RESPONSAVEL PELA ORGANIZAÇÃO | D64: =D12 -> HELIO DE OLIVEIRA CAMARGO
A65: =A13 -> TERMO DE COLABORAÇÃO | D65: =D13 -> 148/2025 | E65: =E13 -> ADITAMENTO | F65: =F13 -> 0
A66: PARCELA Nº | C66: =C16 -> 2
A67: RECURSOS HUMANOS (5) - Salários, encargos e benefícios
A68: DATA DO | C68: ESPECIFICAÇÃO DO | E68: NATUREZA DA DESPESA | G68: VALOR - R$
A69: DOCUMENTO | C69: DOCUMENTO | E69: RESUMIDAMENTE
A70: 45807 | C70: Vegas card-Rec439561(parte) | E70: Vale alimentação | G70: 11780
A71: 45778 | C71: FGTS-Comp.05/2025(parte) | E71: Folha de pagamento - FGTS | G71: 6448
J102: =DADOS!D$22 -> 18228
F103: TOTAL RECURSOS HUMANOS | G103: =SUM(G70:G102) -> 18228 | H103: =IF(J103>J102*0.05,"DIMINUIR VALOR",IF(J103<-J102*0.05,"AUMENTAR VALOR","")) | J103: =G103-J102 -> 0
A104: MANUTENÇÃO: Uilidades públicas - Energia Elétrica, água e esgoto, gás, telefone e internet
A105: DATA DO | C105: ESPECIFICAÇÃO DO | E105: NATUREZA DA DESPESA | G105: VALOR - R$
A106: DOCUMENTO | C106: DOCUMENTO | E106: RESUMIDAMENTE
J110: =DADOS!E$23 -> 0
F111: TOTAL UTILIDADES PÚBLICAS | G111: =SUM(G107:G110) -> 0 | H111: =IF(J111>J110*0.05,"DIMINUIR VALOR",IF(J111<-J110*0.05,"AUMENTAR VALOR","")) | J111: =G111-J110 -> 0
A112: MANUTENÇÃO: Gêneros alimentícios
A113: DATA DO | C113: ESPECIFICAÇÃO DO | E113: NATUREZA DA DESPESA | G113: VALOR - R$
A114: DOCUMENTO | C114: DOCUMENTO | E114: RESUMIDAMENTE
J125: =DADOS!F$23 -> 0
F126: TOTAL GÊNEROS ALIMENTICIOS | G126: =SUM(G115:G125) -> 0 | H126: =IF(J126>J125*0.05,"DIMINUIR VALOR",IF(J126<-J125*0.05,"AUMENTAR VALOR","")) | J126: =G126-J125 -> 0
A127: MANUTENÇÃO: Materiais de consumo
A128: DATA DO | C128: ESPECIFICAÇÃO DO | E128: NATUREZA DA DESPESA | G128: VALOR - R$
A129: DOCUMENTO | C129: DOCUMENTO | E129: RESUMIDAMENTE
J137: =DADOS!G$23 -> 0
F138: TOTAL MATERIAIS DE CONSUMO | G138: =SUM(G130:G137) -> 0 | H138: =IF(J138>J137*0.05,"DIMINUIR VALOR",IF(J138<-J137*0.05,"AUMENTAR VALOR","")) | J138: =G138-J137 -> 0
A139: MANUTENÇÃO: Combustível
A140: DATA DO | C140: ESPECIFICAÇÃO DO | E140: NATUREZA DA DESPESA | G140: VALOR - R$
A141: DOCUMENTO | C141: DOCUMENTO | E141: RESUMIDAMENTE
F144: TOTAL COMBUSTIVEL | G144: =SUM(G142:G143) -> 0
A145: MANUTENÇÃO: Outras despesas
A146: DATA DO | C146: ESPECIFICAÇÃO DO | E146: NATUREZA DA DESPESA | G146: VALOR - R$
A147: DOCUMENTO | C147: DOCUMENTO | E147: RESUMIDAMENTE
J150: =DADOS!I$23 -> 0
H151: =IF(J151>J150*0.05,"DIMINUIR VALOR",IF(J151<-J150*0.05,"AUMENTAR VALOR","")) | J151: =G153-J150 -> 0
F153: TOTAL OUTRAS DESPESAS | G153: =SUM(G148:G152) -> 0 | J153: =DADOS!J$23 -> 0
F154: TOTAL MANUTENÇÃO | G154: =SUM(G153+G144+G138+G126+G111) -> 0 | H154: =IF(J154>J153*0.05,"DIMINUIR VALOR",IF(J154<-J153*0.05,"AUMENTAR VALOR","")) | J154: =G154-J153 -> 0
F155: TOTAL GERAL | G155: =SUM(G154+G103) -> 18228 | H155: =IF(G155>J155,"DIMINUIR VALOR",IF(G155<J155,"AUMENTAR VALOR","")) | J155: =J102+J153 -> 18228
A156: Declaramos que os valores acima conferem com o Demonstrativo Integral das Receitas e Despesas do Exercício, elaborado nos moldes das Instruções vigentes do Tribunal de Contas do Estado de São Paulo.
B157: Americana, | C157: =C47 -> 18 de junho de 2025.
A172: Declaração
A175: Declaramos, para os devidos fins, que os comprovantes de despesas constantes na Prestação de Contas da
A176: parcela abaixo, estão devidamente quitados:
A177: =C16 -> 2 | B177: ª parcela do | C177: =A13 -> TERMO DE COLABORAÇÃO | E177: =D13 -> 148/2025 | F177: =E13 -> ADITAMENTO | G177: =F13 -> 0
B179: Americana, | C179: =C47 -> 18 de junho de 2025.

Sheet Parcela 3
A4: DEMONSTRATIVO INTEGRAL DAS RECEITAS E DESPESAS
D5: =DADOS!A5 -> EXERCÍCIO: | E5: =DADOS!C5 -> 2025
A8: =DADOS!A$8 -> CONTRATANTE | D8: =DADOS!D$8 -> Prefeitura Municipal de Americana
A9: =DADOS!A$9 -> CONTRATADA | D9: =DADOS!D$9 -> Associação Beneficente Residencial Evangélico Benaiah
A10: =DADOS!A$14 -> CNPJ: | D10: =DADOS!B$14 -> 43.266.758/0001-89
A11: =DADOS!A$10 -> ENDEREÇO | D11: =DADOS!D$10 -> Rua Benaiah, 290 - Terramérica - Americana/SP – CEP 13.468-824
A12: =DADOS!A$11 -> RESPONSAVEL PELA ORGANIZAÇÃO | D12: =DADOS!D$11 -> HELIO DE OLIVEIRA CAMARGO
A13: =DADOS!A$13 -> TERMO DE COLABORAÇÃO | D13: =DADOS!D13 -> 148/2025 | E13: =DADOS!E13 -> ADITAMENTO | F13: =DADOS!F13 -> 0
A16: PARCELA Nº | C16: 3
A17: DEMOSTRATICO DOS REPASSES PÚBLICOS RECEBIDOS
A18: ORIGEM DOS RECURSOS | C18: VALORES PREVISTOS - R$ | E18: DOC. DE CRÉDITO Nº | F18: DATA | G18: VALORES
G19: REPASSADOS -R$
A20: Estadual | D20: =DADOS!C23 -> 18228 | E20: 000001 | F20: 45833 | G20: 18228
F24: RECEITA COM APLICAÇÕES FINANCEIRAS DOS REPASSES PÚBLICOS
F25: SALDO DE RECURSOS PÚBLICOS NÃO APLICADOS | G25: ='Parcela 2'!G44 -> 0
F26: TOTAL | G26: =SUM(G20:G25) -> 18228
F27: RECURSOS PROPRIOS APLICADOS PELA ENTIDADE
A28: Os signatários, na qualidade de representantes da Associação Beneficente Residencial Evangélico Benaiah, vem indicar,
A29: na forma abaixo detalhada, a aplicação dos recursos recebidos no exercício supramencionado, na importância total de
A30: =SUM(G20:G23) -> 18228 | B30: (dezoito mil, duzentos e vinte e oito reais), acrescidos do saldo de recursos não
A31: aplicados no valor de R$ | C31: =G25 -> 0 | D31: ( reais)
A32: DEMONSTRATIVO DAS DESPESAS REALIZADAS
A33: CATEGORIA OU FINALIDADE | D33: PERIODO DE | F33: ORIGEM DO | G33: VALORES
A34: DAS DESPESAS | D34: REALIZAÇÃO | F34: RECURSO | G34: APLICADOS
A35: RECURSOS HUMANOS | D35: =DADOS!B$23 -> junho | F35: Estadual | G35: =G103 -> 18228
A36: MANUTENÇÃO - Utilidades públicas | D36: =DADOS!B$23 -> junho | F36: Estadual | G36: =G111 -> 0
A37: MANUTENÇÃO - Gêneros alimentícios | D37: =DADOS!B$23 -> junho | F37: Estadual | G37: =G126 -> 0
A38: MANUTENÇÃO - Mateirais de consumo | D38: =DADOS!B$23 -> junho | F38: Estadual | G38: =G138 -> 0
A39: MANUTENÇÃO - Combustível | D39: =DADOS!B$23 -> junho | F39: Municipal | G39: =G144 -> 0
A40: MANUTENÇÃO - Outras despesas | D40: =DADOS!B$23 -> junho | F40: Estadual | G40: =G153 -> 0
A41: TOTAL DAS DESPESAS | G41: =SUM(G35:G40) -> 18228
A42: RECURSO PÚBLICO NÃO APLICADO | G42: =SUM(G26-G41) -> 0
A43: VALOR DEVOLVIDO AO ORGÃO CONCESSOR
A44: VALOR AUTORIZADO PARA APLICAÇÃO NO EXERCICIO SEGUINTE | G44: =G42-G43 -> 0
A45: Declaramos, na qualidade de responsáveis pela Entidade supra epigrafada, sob as penalidades da Lei, que as despesas relacionadas, examinadas pelo Conselho Fiscal, comprovam a exata aplicação dos recursos recebidos para os fins indicados através da conta corrente 003/00004496-0, agência 0278, da CEF, para finalidade específica, conforme programa de trabalho aprovado, proposto ao Órgão Concessor.
B47: Americana, | C47: 15 de julho de 2025.
A53: Menbros do Conselho Fiscal
B57: =A4 -> DEMONSTRATIVO INTEGRAL DAS RECEITAS E DESPESAS
D58: =D5 -> EXERCÍCIO: | E58: =E5 -> 2025
A60: =A8 -> CONTRATANTE | D60: =D8 -> Prefeitura Municipal de Americana
A61: =A9 -> CONTRATADA | D61: =D9 -> Associação Beneficente Residencial Evangélico Benaiah
A62: =A10 -> CNPJ: | D62: =D10 -> 43.266.758/0001-89
A63: =A11 -> ENDEREÇO | D63: =D11 -> Rua Benaiah, 290 - Terramérica - Americana/SP – CEP 13.468-824
A64: =A12 -> RESPONSAVEL PELA ORGANIZAÇÃO | D64: =D12 -> HELIO DE OLIVEIRA CAMARGO
A65: =A13 -> TERMO DE COLABORAÇÃO | D65: =D13 -> 148/2025 | E65: =E13 -> ADITAMENTO | F65: =F13 -> 0
A66: PARCELA Nº | C66: =C16 -> 3
A67: RECURSOS HUMANOS (5) - Salários, encargos e benefícios
A68: DATA DO | C68: ESPECIFICAÇÃO DO | E68: NATUREZA DA DESPESA | G68: VALOR - R$
A69: DOCUMENTO | C69: DOCUMENTO | E69: RESUMIDAMENTE
A70: 45834 | C70: Vegas card-Rec.444899(parte) | E70: Vale alimentação | G70: 11780
A71: 45809 | C71: FGTS-comp.06/2025(parte) | G71: 6448
J102: =DADOS!D$23 -> 18228
F103: TOTAL RECURSOS HUMANOS | G103: =SUM(G70:G102) -> 18228 | H103: =IF(J103>J102*0.05,"DIMINUIR VALOR",IF(J103<-J102*0.05,"AUMENTAR VALOR","")) | J103: =G103-J102 -> 0
A104: MANUTENÇÃO: Uilidades públicas - Energia Elétrica, água e esgoto, gás, telefone e internet
A105: DATA DO | C105: ESPECIFICAÇÃO DO | E105: NATUREZA DA DESPESA | G105: VALOR - R$
A106: DOCUMENTO | C106: DOCUMENTO | E106: RESUMIDAMENTE
J110: =DADOS!E$23 -> 0
F111: TOTAL UTILIDADES PÚBLICAS | G111: =SUM(G107:G110) -> 0 | H111: =IF(J111>J110*0.05,"DIMINUIR VALOR",IF(J111<-J110*0.05,"AUMENTAR VALOR","")) | J111: =G111-J110 -> 0
A112: MANUTENÇÃO: Gêneros alimentícios
A113: DATA DO | C113: ESPECIFICAÇÃO DO | E113: NATUREZA DA DESPESA | G113: VALOR - R$
A114: DOCUMENTO | C114: DOCUMENTO | E114: RESUMIDAMENTE
J125: =DADOS!F$23 -> 0
F126: TOTAL GÊNEROS ALIMENTICIOS | G126: =SUM(G115:G125) -> 0 | H126: =IF(J126>J125*0.05,"DIMINUIR VALOR",IF(J126<-J125*0.05,"AUMENTAR VALOR","")) | J126: =G126-J125 -> 0
A127: MANUTENÇÃO: Materiais de consumo
A128: DATA DO | C128: ESPECIFICAÇÃO DO | E128: NATUREZA DA DESPESA | G128: VALOR - R$
A129: DOCUMENTO | C129: DOCUMENTO | E129: RESUMIDAMENTE
J137: =DADOS!G$23 -> 0
F138: TOTAL MATERIAIS DE CONSUMO | G138: =SUM(G130:G137) -> 0 | H138: =IF(J138>J137*0.05,"DIMINUIR VALOR",IF(J138<-J137*0.05,"AUMENTAR VALOR","")) | J138: =G138-J137 -> 0
A139: MANUTENÇÃO: Combustível
A140: DATA DO | C140: ESPECIFICAÇÃO DO | E140: NATUREZA DA DESPESA | G140: VALOR - R$
A141: DOCUMENTO | C141: DOCUMENTO | E141: RESUMIDAMENTE
F144: TOTAL COMBUSTIVEL | G144: =SUM(G142:G143) -> 0
A145: MANUTENÇÃO: Outras despesas
A146: DATA DO | C146: ESPECIFICAÇÃO DO | E146: NATUREZA DA DESPESA | G146: VALOR - R$
A147: DOCUMENTO | C147: DOCUMENTO | E147: RESUMIDAMENTE
J150: =DADOS!I$23 -> 0
H151: =IF(J151>J150*0.05,"DIMINUIR VALOR",IF(J151<-J150*0.05,"AUMENTAR VALOR","")) | J151: =G153-J150 -> 0
F153: TOTAL OUTRAS DESPESAS | G153: =SUM(G148:G152) -> 0 | J153: =DADOS!J$23 -> 0
F154: TOTAL MANUTENÇÃO | G154: =SUM(G153+G144+G138+G126+G111) -> 0 | H154: =IF(J154>J153*0.05,"DIMINUIR VALOR",IF(J154<-J153*0.05,"AUMENTAR VALOR","")) | J154: =G154-J153 -> 0
F155: TOTAL GERAL | G155: =SUM(G154+G103) -> 18228 | H155: =IF(G155>J155,"DIMINUIR VALOR",IF(G155<J155,"AUMENTAR VALOR","")) | J155: =J102+J153 -> 18228
A156: Declaramos que os valores acima conferem com o Demonstrativo Integral das Receitas e Despesas do Exercício, elaborado nos moldes das Instruções vigentes do Tribunal de Contas do Estado de São Paulo.
B157: Americana, | C157: =C47 -> 15 de julho de 2025.
A172: Declaração
A175: Declaramos, para os devidos fins, que os comprovantes de despesas constantes na Prestação de Contas da
A176: parcela abaixo, estão devidamente quitados:
A177: =C16 -> 3 | B177: ª parcela do | C177: =A13 -> TERMO DE COLABORAÇÃO | E177: =D13 -> 148/2025 | F177: =E13 -> ADITAMENTO | G177: =F13 -> 0
B179: Americana, | C179: =C47 -> 15 de julho de 2025.

Sheet Parcela 4
A4: DEMONSTRATIVO INTEGRAL DAS RECEITAS E DESPESAS
D5: =DADOS!A5 -> EXERCÍCIO: | E5: =DADOS!C5 -> 2025
A8: =DADOS!A$8 -> CONTRATANTE | D8: =DADOS!D$8 -> Prefeitura Municipal de Americana
A9: =DADOS!A$9 -> CONTRATADA | D9: =DADOS!D$9 -> Associação Beneficente Residencial Evangélico Benaiah
A10: =DADOS!A$14 -> CNPJ: | D10: =DADOS!B$14 -> 43.266.758/0001-89
A11: =DADOS!A$10 -> ENDEREÇO | D11: =DADOS!D$10 -> Rua Benaiah, 290 - Terramérica - Americana/SP – CEP 13.468-824
A12: =DADOS!A$11 -> RESPONSAVEL PELA ORGANIZAÇÃO | D12: =DADOS!D$11 -> HELIO DE OLIVEIRA CAMARGO
A13: =DADOS!A$13 -> TERMO DE COLABORAÇÃO | D13: =DADOS!D13 -> 148/2025 | E13: =DADOS!E13 -> ADITAMENTO | F13: =DADOS!F13 -> 0
A16: PARCELA Nº | C16: 4
A17: DEMOSTRATICO DOS REPASSES PÚBLICOS RECEBIDOS
A18: ORIGEM DOS RECURSOS | C18: VALORES PREVISTOS - R$ | E18: DOC. DE CRÉDITO Nº | F18: DATA | G18: VALORES
G19: REPASSADOS -R$
A20: Estadual | D20: =DADOS!C24 -> 18228
F24: RECEITA COM APLICAÇÕES FINANCEIRAS DOS REPASSES PÚBLICOS
F25: SALDO DE RECURSOS PÚBLICOS NÃO APLICADOS | G25: ='Parcela 3'!G44 -> 0
F26: TOTAL | G26: =SUM(G20:G25) -> 0
F27: RECURSOS PROPRIOS APLICADOS PELA ENTIDADE
A28: Os signatários, na qualidade de representantes da Associação Beneficente Residencial Evangélico Benaiah, vem indicar,
A29: na forma abaixo detalhada, a aplicação dos recursos recebidos no exercício supramencionado, na importância total de
A30: =SUM(G20:G23) -> 0 | B30: (dezoito mil, duzentos e vinte e oito reais), acrescidos do saldo de recursos não
A31: aplicados no valor de R$ | C31: =G25 -> 0 | D31: ( reais)
A32: DEMONSTRATIVO DAS DESPESAS REALIZADAS
A33: CATEGORIA OU FINALIDADE | D33: PERIODO DE | F33: ORIGEM DO | G33: VALORES
A34: DAS DESPESAS | D34: REALIZAÇÃO | F34: RECURSO | G34: APLICADOS
A35: RECURSOS HUMANOS | D35: =DADOS!B$24 -> julho | F35: Estadual | G35: =G103 -> 18228
A36: MANUTENÇÃO - Utilidades públicas | D36: =DADOS!B$24 -> julho | F36: Estadual | G36: =G111 -> 0
A37: MANUTENÇÃO - Gêneros alimentícios | D37: =DADOS!B$24 -> julho | F37: Estadual | G37: =G126 -> 0
A38: MANUTENÇÃO - Mateirais de consumo | D38: =DADOS!B$24 -> julho | F38: Estadual | G38: =G138 -> 0
A39: MANUTENÇÃO - Combustível | D39: =DADOS!B$23 -> junho | F39: Municipal | G39: =G144 -> 0
A40: MANUTENÇÃO - Outras despesas | D40: =DADOS!B$24 -> julho | F40: Estadual | G40: =G153 -> 0
A41: TOTAL DAS DESPESAS | G41: =SUM(G35:G40) -> 18228
A42: RECURSO PÚBLICO NÃO APLICADO | G42: =SUM(G26-G41) -> -18228
A43: VALOR DEVOLVIDO AO ORGÃO CONCESSOR
A44: VALOR AUTORIZADO PARA APLICAÇÃO NO EXERCICIO SEGUINTE | G44: =G42-G43 -> -18228
A45: Declaramos, na qualidade de responsáveis pela Entidade supra epigrafada, sob as penalidades da Lei, que as despesas relacionadas, examinadas pelo Conselho Fiscal, comprovam a exata aplicação dos recursos recebidos para os fins indicados através da conta corrente 003/00004496-0, agência 0278, para finalidade específica, conforme programa de trabalho aprovado, proposto ao Órgão Concessor.
B47: Americana,
A53: Membros do Conselho Fiscal
B57: =A4 -> DEMONSTRATIVO INTEGRAL DAS RECEITAS E DESPESAS
D58: =D5 -> EXERCÍCIO: | E58: =E5 -> 2025
A60: =A8 -> CONTRATANTE | D60: =D8 -> Prefeitura Municipal de Americana
A61: =A9 -> CONTRATADA | D61: =D9 -> Associação Beneficente Residencial Evangélico Benaiah
A62: =A10 -> CNPJ: | D62: =D10 -> 43.266.758/0001-89
A63: =A11 -> ENDEREÇO | D63: =D11 -> Rua Benaiah, 290 - Terramérica - Americana/SP – CEP 13.468-824
A64: =A12 -> RESPONSAVEL PELA ORGANIZAÇÃO | D64: =D12 -> HELIO DE OLIVEIRA CAMARGO
A65: =A13 -> TERMO DE COLABORAÇÃO | D65: =D13 -> 148/2025 | E65: =E13 -> ADITAMENTO | F65: =F13 -> 0
A66: PARCELA Nº | C66: =C16 -> 4
A67: RECURSOS HUMANOS (5) - Salários, encargos e benefícios
A68: DATA DO | C68: ESPECIFICAÇÃO DO | E68: NATUREZA DA DESPESA | G68: VALOR - R$
A69: DOCUMENTO | C69: DOCUMENTO | E69: RESUMIDAMENTE
A70: 45860 | C70: Vegas Card-Rec. 450618 | E70: Vale alimentação | G70: 11000
A71: 45839 | C71: FGTS Com. 07/2025 - Parte | E71: Folha de pagamento - FGTS | G71: 7228
J102: =DADOS!D$24 -> 18228
F103: TOTAL RECURSOS HUMANOS | G103: =SUM(G70:G102) -> 18228 | H103: =IF(J103>J102*0.05,"DIMINUIR VALOR",IF(J103<-J102*0.05,"AUMENTAR VALOR","")) | J103: =G103-J102 -> 0
A104: MANUTENÇÃO: Uilidades públicas (7) - Energia Elétrica, água e esgoto, gás, telefone e internet
A105: DATA DO | C105: ESPECIFICAÇÃO DO | E105: NATUREZA DA DESPESA | G105: VALOR - R$
A106: DOCUMENTO | C106: DOCUMENTO | E106: RESUMIDAMENTE
J110: =DADOS!E$23 -> 0
F111: TOTAL UTILIDADES PÚBLICAS | G111: =SUM(G107:G110) -> 0 | H111: =IF(J111>J110*0.05,"DIMINUIR VALOR",IF(J111<-J110*0.05,"AUMENTAR VALOR","")) | J111: =G111-J110 -> 0
A112: MANUTENÇÃO: Gêneros alimentícios
A113: DATA DO | C113: ESPECIFICAÇÃO DO | E113: NATUREZA DA DESPESA | G113: VALOR - R$
A114: DOCUMENTO | C114: DOCUMENTO | E114: RESUMIDAMENTE
J125: =DADOS!F$23 -> 0
F126: TOTAL GÊNEROS ALIMENTICIOS | G126: =SUM(G115:G125) -> 0 | H126: =IF(J126>J125*0.05,"DIMINUIR VALOR",IF(J126<-J125*0.05,"AUMENTAR VALOR","")) | J126: =G126-J125 -> 0
A127: MANUTENÇÃO: Materiais de consumo
A128: DATA DO | C128: ESPECIFICAÇÃO DO | E128: NATUREZA DA DESPESA | G128: VALOR - R$
A129: DOCUMENTO | C129: DOCUMENTO | E129: RESUMIDAMENTE
J137: =DADOS!G$23 -> 0
F138: TOTAL MATERIAIS DE CONSUMO | G138: =SUM(G130:G137) -> 0 | H138: =IF(J138>J137*0.05,"DIMINUIR VALOR",IF(J138<-J137*0.05,"AUMENTAR VALOR","")) | J138: =G138-J137 -> 0
A139: MANUTENÇÃO: Combustível
A140: DATA DO | C140: ESPECIFICAÇÃO DO | E140: NATUREZA DA DESPESA | G140: VALOR - R$
A141: DOCUMENTO | C141: DOCUMENTO | E141: RESUMIDAMENTE
F144: TOTAL COMBUSTIVEL | G144: =SUM(G142:G143) -> 0
A145: MANUTENÇÃO: Outras despesas
A146: DATA DO | C146: ESPECIFICAÇÃO DO | E146: NATUREZA DA DESPESA | G146: VALOR - R$
A147: DOCUMENTO | C147: DOCUMENTO | E147: RESUMIDAMENTE
J150: =DADOS!I$23 -> 0
H151: =IF(J151>J150*0.05,"DIMINUIR VALOR",IF(J151<-J150*0.05,"AUMENTAR VALOR","")) | J151: =G153-J150 -> 0
F153: TOTAL OUTRAS DESPESAS | G153: =SUM(G148:G152) -> 0 | J153: =DADOS!J$23 -> 0
F154: TOTAL MANUTENÇÃO | G154: =SUM(G153+G144+G138+G126+G111) -> 0 | H154: =IF(J154>J153*0.05,"DIMINUIR VALOR",IF(J154<-J153*0.05,"AUMENTAR VALOR","")) | J154: =G154-J153 -> 0
F155: TOTAL GERAL | G155: =SUM(G154+G103) -> 18228 | H155: =IF(G155>J155,"DIMINUIR VALOR",IF(G155<J155,"AUMENTAR VALOR","")) | J155: =J102+J153 -> 18228
A156: Declaramos que os valores acima conferem com o Demonstrativo Integral das Receitas e Despesas do Exercício, elaborado nos moldes das Instruções vigentes do Tribunal de Contas do Estado de São Paulo.
B157: Americana, | C157: =C47 -> 0
A172: Declaração
A175: Declaramos, para os devidos fins, que os comprovantes de despesas constantes na Prestação de Contas da
A176: parcela abaixo, estão devidamente quitados:
A177: =C16 -> 4 | B177: ª parcela do | C177: =A13 -> TERMO DE COLABORAÇÃO | E177: =D13 -> 148/2025 | F177: =E13 -> ADITAMENTO | G177: =F13 -> 0
B179: Americana, | C179: =C47 -> 0

Sheet Parcela 5
A4: DEMONSTRATIVO INTEGRAL DAS RECEITAS E DESPESAS
D5: =DADOS!A5 -> EXERCÍCIO: | E5: =DADOS!C5 -> 2025
A8: =DADOS!A$8 -> CONTRATANTE | D8: =DADOS!D$8 -> Prefeitura Municipal de Americana
A9: =DADOS!A$9 -> CONTRATADA | D9: =DADOS!D$9 -> Associação Beneficente Residencial Evangélico Benaiah
A10: =DADOS!A$14 -> CNPJ: | D10: =DADOS!B$14 -> 43.266.758/0001-89
A11: =DADOS!A$10 -> ENDEREÇO | D11: =DADOS!D$10 -> Rua Benaiah, 290 - Terramérica - Americana/SP – CEP 13.468-824
A12: =DADOS!A$11 -> RESPONSAVEL PELA ORGANIZAÇÃO | D12: =DADOS!D$11 -> HELIO DE OLIVEIRA CAMARGO
A13: =DADOS!A$13 -> TERMO DE COLABORAÇÃO | D13: =DADOS!D13 -> 148/2025 | E13: =DADOS!E13 -> ADITAMENTO | F13: =DADOS!F13 -> 0
A16: PARCELA Nº | C16: 5
A17: DEMOSTRATICO DOS REPASSES PÚBLICOS RECEBIDOS
A18: ORIGEM DOS RECURSOS | C18: VALORES PREVISTOS - R$ | E18: DOC. DE CRÉDITO Nº | F18: DATA | G18: VALORES
G19: REPASSADOS -R$
A20: Estadual | D20: =DADOS!C25 -> 18228
F24: RECEITA COM APLICAÇÕES FINANCEIRAS DOS REPASSES PÚBLICOS
F25: SALDO DE RECURSOS PÚBLICOS NÃO APLICADOS | G25: ='Parcela 4'!G44 -> -18228
F26: TOTAL | G26: =SUM(G20:G25) -> -18228
F27: RECURSOS PROPRIOS APLICADOS PELA ENTIDADE
A28: Os signatários, na qualidade de representantes da Associação Beneficente Residencial Evangélico Benaiah, vem indicar,
A29: na forma abaixo detalhada, a aplicação dos recursos recebidos no exercício supramencionado, na importância total de
A30: =SUM(G20:G23) -> 0 | B30: (dezoito mil, duzentos e vinte e oito reais), acrescidos do saldo de recursos não
A31: aplicados no valor de R$ | C31: =G25 -> -18228 | D31: ( reais)
A32: DEMONSTRATIVO DAS DESPESAS REALIZADAS
A33: CATEGORIA OU FINALIDADE | D33: PERIODO DE | F33: ORIGEM DO | G33: VALORES
A34: DAS DESPESAS | D34: REALIZAÇÃO | F34: RECURSO | G34: APLICADOS
A35: RECURSOS HUMANOS | D35: =DADOS!B$25 -> agosto | F35: Estadual | G35: =G103 -> 0
A36: MANUTENÇÃO - Utilidades públicas | D36: =DADOS!B$25 -> agosto | F36: Estadual | G36: =G111 -> 0
A37: MANUTENÇÃO - Gêneros alimentícios | D37: =DADOS!B$25 -> agosto | F37: Estadual | G37: =G126 -> 0
A38: MANUTENÇÃO - Mateirais de consumo | D38: =DADOS!B$25 -> agosto | F38: Estadual | G38: =G138 -> 0
A39: MANUTENÇÃO - Combustível | D39: =DADOS!B$25 -> agosto | F39: Municipal | G39: =G144 -> 0
A40: MANUTENÇÃO - Outras despesas | D40: =DADOS!B$25 -> agosto | F40: Estadual | G40: =G153 -> 0
A41: TOTAL DAS DESPESAS | G41: =SUM(G35:G40) -> 0
A42: RECURSO PÚBLICO NÃO APLICADO | G42: =SUM(G26-G41) -> -18228
A43: VALOR DEVOLVIDO AO ORGÃO CONCESSOR
A44: VALOR AUTORIZADO PARA APLICAÇÃO NO EXERCICIO SEGUINTE | G44: =G42-G43 -> -18228
A45: Declaramos, na qualidade de responsáveis pela Entidade supra epigrafada, sob as penalidades da Lei, que as despesas relacionadas, examinadas pelo Conselho Fiscal, comprovam a exata aplicação dos recursos recebidos para os fins indicados através da conta corrente 003/00004496-0, agência 0278, para finalidade específica, conforme programa de trabalho aprovado, proposto ao Órgão Concessor.
B47: Americana,
A53: Membros do Conselho Fiscal
B57: =A4 -> DEMONSTRATIVO INTEGRAL DAS RECEITAS E DESPESAS
D58: =D5 -> EXERCÍCIO: | E58: =E5 -> 2025
A60: =A8 -> CONTRATANTE | D60: =D8 -> Prefeitura Municipal de Americana
A61: =A9 -> CONTRATADA | D61: =D9 -> Associação Beneficente Residencial Evangélico Benaiah
A62: =A10 -> CNPJ: | D62: =D10 -> 43.266.758/0001-89
A63: =A11 -> ENDEREÇO | D63: =D11 -> Rua Benaiah, 290 - Terramérica - Americana/SP – CEP 13.468-824
A64: =A12 -> RESPONSAVEL PELA ORGANIZAÇÃO | D64: =D12 -> HELIO DE OLIVEIRA CAMARGO
A65: =A13 -> TERMO DE COLABORAÇÃO | D65: =D13 -> 148/2025 | E65: =E13 -> ADITAMENTO | F65: =F13 -> 0
A66: PARCELA Nº | C66: =C16 -> 5
A67: RECURSOS HUMANOS (5) - Salários, encargos e benefícios
A68: DATA DO | C68: ESPECIFICAÇÃO DO | E68: NATUREZA DA DESPESA | G68: VALOR - R$
A69: DOCUMENTO | C69: DOCUMENTO | E69: RESUMIDAMENTE
E70: Vale alimentação
E71: Folha de pagamento - GPS
J102: =DADOS!D$25 -> 18228
F103: TOTAL RECURSOS HUMANOS | G103: =SUM(G70:G102) -> 0 | H103: =IF(J103>J102*0.05,"DIMINUIR VALOR",IF(J103<-J102*0.05,"AUMENTAR VALOR","")) -> AUMENTAR VALOR | J103: =G103-J102 -> -18228
A104: MANUTENÇÃO: Uilidades públicas (7) - Energia Elétrica, água e esgoto, gás, telefone e internet
A105: DATA DO | C105: ESPECIFICAÇÃO DO | E105: NATUREZA DA DESPESA | G105: VALOR - R$
A106: DOCUMENTO | C106: DOCUMENTO | E106: RESUMIDAMENTE
J110: =DADOS!E$25 -> 0
F111: TOTAL UTILIDADES PÚBLICAS | G111: =SUM(G107:G110) -> 0 | H111: =IF(J111>J110*0.05,"DIMINUIR VALOR",IF(J111<-J110*0.05,"AUMENTAR VALOR","")) | J111: =G111-J110 -> 0
A112: MANUTENÇÃO: Gêneros alimentícios
A113: DATA DO | C113: ESPECIFICAÇÃO DO | E113: NATUREZA DA DESPESA | G113: VALOR - R$
A114: DOCUMENTO | C114: DOCUMENTO | E114: RESUMIDAMENTE
J125: =DADOS!F$25 -> 0
F126: TOTAL GÊNEROS ALIMENTICIOS | G126: =SUM(G115:G125) -> 0 | H126: =IF(J126>J125*0.05,"DIMINUIR VALOR",IF(J126<-J125*0.05,"AUMENTAR VALOR","")) | J126: =G126-J125 -> 0
A127: MANUTENÇÃO: Materiais de consumo
A128: DATA DO | C128: ESPECIFICAÇÃO DO | E128: NATUREZA DA DESPESA | G128: VALOR - R$
A129: DOCUMENTO | C129: DOCUMENTO | E129: RESUMIDAMENTE
J137: =DADOS!G$25 -> 0
F138: TOTAL MATERIAIS DE CONSUMO | G138: =SUM(G130:G137) -> 0 | H138: =IF(J138>J137*0.05,"DIMINUIR VALOR",IF(J138<-J137*0.05,"AUMENTAR VALOR","")) | J138: =G138-J137 -> 0
A139: MANUTENÇÃO: Combustível
A140: DATA DO | C140: ESPECIFICAÇÃO DO | E140: NATUREZA DA DESPESA | G140: VALOR - R$
A141: DOCUMENTO | C141: DOCUMENTO | E141: RESUMIDAMENTE
F144: TOTAL COMBUSTIVEL | G144: =SUM(G142:G143) -> 0
A145: MANUTENÇÃO: Outras despesas
A146: DATA DO | C146: ESPECIFICAÇÃO DO | E146: NATUREZA DA DESPESA | G146: VALOR - R$
A147: DOCUMENTO | C147: DOCUMENTO | E147: RESUMIDAMENTE
J150: =DADOS!I$25 -> 0
H151: =IF(J151>J150*0.05,"DIMINUIR VALOR",IF(J151<-J150*0.05,"AUMENTAR VALOR","")) | J151: =G153-J150 -> 0
F153: TOTAL OUTRAS DESPESAS | G153: =SUM(G148:G152) -> 0 | J153: =DADOS!J$25 -> 0
F154: TOTAL MANUTENÇÃO | G154: =SUM(G153+G144+G138+G126+G111) -> 0 | H154: =IF(J154>J153*0.05,"DIMINUIR VALOR",IF(J154<-J153*0.05,"AUMENTAR VALOR","")) | J154: =G154-J153 -> 0
F155: TOTAL GERAL | G155: =SUM(G154+G103) -> 0 | H155: =IF(G155>J155,"DIMINUIR VALOR",IF(G155<J155,"AUMENTAR VALOR","")) -> AUMENTAR VALOR | J155: =J102+J153 -> 18228
A156: Declaramos que os valores acima conferem com o Demonstrativo Integral das Receitas e Despesas do Exercício, elaborado nos moldes das Instruções vigentes do Tribunal de Contas do Estado de São Paulo.
B157: Americana, | C157: =C47 -> 0
A172: Declaração
A175: Declaramos, para os devidos fins, que os comprovantes de despesas constantes na Prestação de Contas da
A176: parcela abaixo, estão devidamente quitados:
A177: =C16 -> 5 | B177: ª parcela do | C177: =A13 -> TERMO DE COLABORAÇÃO | E177: =D13 -> 148/2025 | F177: =E13 -> ADITAMENTO | G177: =F13 -> 0
B179: Americana, | C179: =C47 -> 0

Sheet Parcela 6
A4: DEMONSTRATIVO INTEGRAL DAS RECEITAS E DESPESAS
D5: =DADOS!A5 -> EXERCÍCIO: | E5: =DADOS!C5 -> 2025
A8: =DADOS!A$8 -> CONTRATANTE | D8: =DADOS!D$8 -> Prefeitura Municipal de Americana
A9: =DADOS!A$9 -> CONTRATADA | D9: =DADOS!D$9 -> Associação Beneficente Residencial Evangélico Benaiah
A10: =DADOS!A$14 -> CNPJ: | D10: =DADOS!B$14 -> 43.266.758/0001-89
A11: =DADOS!A$10 -> ENDEREÇO | D11: =DADOS!D$10 -> Rua Benaiah, 290 - Terramérica - Americana/SP – CEP 13.468-824
A12: =DADOS!A$11 -> RESPONSAVEL PELA ORGANIZAÇÃO | D12: =DADOS!D$11 -> HELIO DE OLIVEIRA CAMARGO
A13: =DADOS!A$13 -> TERMO DE COLABORAÇÃO | D13: =DADOS!D13 -> 148/2025 | E13: =DADOS!E13 -> ADITAMENTO | F13: =DADOS!F13 -> 0
A16: PARCELA Nº | C16: 6
A17: DEMOSTRATICO DOS REPASSES PÚBLICOS RECEBIDOS
A18: ORIGEM DOS RECURSOS | C18: VALORES PREVISTOS - R$ | E18: DOC. DE CRÉDITO Nº | F18: DATA | G18: VALORES
G19: REPASSADOS -R$
A20: Estadual | D20: =DADOS!C26 -> 18228
F24: RECEITA COM APLICAÇÕES FINANCEIRAS DOS REPASSES PÚBLICOS
F25: SALDO DE RECURSOS PÚBLICOS NÃO APLICADOS | G25: ='Parcela 5'!G44 -> -18228
F26: TOTAL | G26: =SUM(G20:G25) -> -18228
F27: RECURSOS PROPRIOS APLICADOS PELA ENTIDADE
A28: Os signatários, na qualidade de representantes da Associação Beneficente Residencial Evangélico Benaiah, vem indicar,
A29: na forma abaixo detalhada, a aplicação dos recursos recebidos no exercício supramencionado, na importância total de
A30: =SUM(G20:G23) -> 0 | B30: (dezoito mil, duzentos e vinte e oito reais), acrescidos do saldo de recursos não
A31: aplicados no valor de R$ | C31: =G25 -> -18228 | D31: ( reais)
A32: DEMONSTRATIVO DAS DESPESAS REALIZADAS
A33: CATEGORIA OU FINALIDADE | D33: PERIODO DE | F33: ORIGEM DO | G33: VALORES
A34: DAS DESPESAS | D34: REALIZAÇÃO | F34: RECURSO | G34: APLICADOS
A35: RECURSOS HUMANOS | D35: =DADOS!B$26 -> setembro | F35: Estadual | G35: =G103 -> 0
A36: MANUTENÇÃO - Utilidades públicas | D36: =DADOS!B$26 -> setembro | F36: Estadual | G36: =G111 -> 0
A37: MANUTENÇÃO - Gêneros alimentícios | D37: =DADOS!B$26 -> setembro | F37: Estadual | G37: =G126 -> 0
A38: MANUTENÇÃO - Mateirais de consumo | D38: =DADOS!B$26 -> setembro | F38: Estadual | G38: =G138 -> 0
A39: MANUTENÇÃO - Combustível | D39: =DADOS!B$26 -> setembro | F39: Estadual | G39: =G144 -> 0
A40: MANUTENÇÃO - Outras despesas | D40: =DADOS!B$26 -> setembro | F40: Estadual | G40: =G153 -> 0
A41: TOTAL DAS DESPESAS | G41: =SUM(G35:G40) -> 0
A42: RECURSO PÚBLICO NÃO APLICADO | G42: =SUM(G26-G41) -> -18228
A43: VALOR DEVOLVIDO AO ORGÃO CONCESSOR
A44: VALOR AUTORIZADO PARA APLICAÇÃO NO EXERCICIO SEGUINTE | G44: =G42-G43 -> -18228
A45: Declaramos, na qualidade de responsáveis pela Entidade supra epigrafada, sob as penalidades da Lei, que as despesas relacionadas, examinadas pelo Conselho Fiscal, comprovam a exata aplicação dos recursos recebidos para os fins indicados através da conta corrente 003/00004496-0, agência 0278, para finalidade específica, conforme programa de trabalho aprovado, proposto ao Órgão Concessor.
B47: Americana,
A53: Membros do Conselho Fiscal
B57: =A4 -> DEMONSTRATIVO INTEGRAL DAS RECEITAS E DESPESAS
D58: =D5 -> EXERCÍCIO: | E58: =E5 -> 2025
A60: =A8 -> CONTRATANTE | D60: =D8 -> Prefeitura Municipal de Americana
A61: =A9 -> CONTRATADA | D61: =D9 -> Associação Beneficente Residencial Evangélico Benaiah
A62: =A10 -> CNPJ: | D62: =D10 -> 43.266.758/0001-89
A63: =A11 -> ENDEREÇO | D63: =D11 -> Rua Benaiah, 290 - Terramérica - Americana/SP – CEP 13.468-824
A64: =A12 -> RESPONSAVEL PELA ORGANIZAÇÃO | D64: =D12 -> HELIO DE OLIVEIRA CAMARGO
A65: =A13 -> TERMO DE COLABORAÇÃO | D65: =D13 -> 148/2025 | E65: =E13 -> ADITAMENTO | F65: =F13 -> 0
A66: PARCELA Nº | C66: =C16 -> 6
A67: RECURSOS HUMANOS (5) - Salários, encargos e benefícios
A68: DATA DO | C68: ESPECIFICAÇÃO DO | E68: NATUREZA DA DESPESA | G68: VALOR - R$
A69: DOCUMENTO | C69: DOCUMENTO | E69: RESUMIDAMENTE
E70: Vale alimentação
E71: Folha de pagamento - GPS
J102: =DADOS!D$26 -> 18228
F103: TOTAL RECURSOS HUMANOS | G103: =SUM(G70:G102) -> 0 | H103: =IF(J103>J102*0.05,"DIMINUIR VALOR",IF(J103<-J102*0.05,"AUMENTAR VALOR","")) -> AUMENTAR VALOR | J103: =G103-J102 -> -18228
A104: MANUTENÇÃO: Uilidades públicas (7) - Energia Elétrica, água e esgoto, gás, telefone e internet
A105: DATA DO | C105: ESPECIFICAÇÃO DO | E105: NATUREZA DA DESPESA | G105: VALOR - R$
A106: DOCUMENTO | C106: DOCUMENTO | E106: RESUMIDAMENTE
J110: =DADOS!E$26 -> 0
F111: TOTAL UTILIDADES PÚBLICAS | G111: =SUM(G107:G110) -> 0 | H111: =IF(J111>J110*0.05,"DIMINUIR VALOR",IF(J111<-J110*0.05,"AUMENTAR VALOR","")) | J111: =G111-J110 -> 0
A112: MANUTENÇÃO: Gêneros alimentícios
A113: DATA DO | C113: ESPECIFICAÇÃO DO | E113: NATUREZA DA DESPESA | G113: VALOR - R$
A114: DOCUMENTO | C114: DOCUMENTO | E114: RESUMIDAMENTE
J125: =DADOS!F$26 -> 0
F126: TOTAL GÊNEROS ALIMENTICIOS | G126: =SUM(G115:G125) -> 0 | H126: =IF(J126>J125*0.05,"DIMINUIR VALOR",IF(J126<-J125*0.05,"AUMENTAR VALOR","")) | J126: =G126-J125 -> 0
A127: MANUTENÇÃO: Materiais de consumo
A128: DATA DO | C128: ESPECIFICAÇÃO DO | E128: NATUREZA DA DESPESA | G128: VALOR - R$
A129: DOCUMENTO | C129: DOCUMENTO | E129: RESUMIDAMENTE
J137: =DADOS!G$26 -> 0
F138: TOTAL MATERIAIS DE CONSUMO | G138: =SUM(G130:G137) -> 0 | H138: =IF(J138>J137*0.05,"DIMINUIR VALOR",IF(J138<-J137*0.05,"AUMENTAR VALOR","")) | J138: =G138-J137 -> 0
A139: MANUTENÇÃO: Combustível
A140: DATA DO | C140: ESPECIFICAÇÃO DO | E140: NATUREZA DA DESPESA | G140: VALOR - R$
A141: DOCUMENTO | C141: DOCUMENTO | E141: RESUMIDAMENTE
F144: TOTAL COMBUSTIVEL | G144: =SUM(G142:G143) -> 0
A145: MANUTENÇÃO: Outras despesas
A146: DATA DO | C146: ESPECIFICAÇÃO DO | E146: NATUREZA DA DESPESA | G146: VALOR - R$
A147: DOCUMENTO | C147: DOCUMENTO | E147: RESUMIDAMENTE
J150: =DADOS!I$26 -> 0
H151: =IF(J151>J150*0.05,"DIMINUIR VALOR",IF(J151<-J150*0.05,"AUMENTAR VALOR","")) | J151: =G153-J150 -> 0
F153: TOTAL OUTRAS DESPESAS | G153: =SUM(G148:G152) -> 0 | J153: =DADOS!J$26 -> 0
F154: TOTAL MANUTENÇÃO | G154: =SUM(G153+G144+G138+G126+G111) -> 0 | H154: =IF(J154>J153*0.05,"DIMINUIR VALOR",IF(J154<-J153*0.05,"AUMENTAR VALOR","")) | J154: =G154-J153 -> 0
F155: TOTAL GERAL | G155: =SUM(G154+G103) -> 0 | H155: =IF(G155>J155,"DIMINUIR VALOR",IF(G155<J155,"AUMENTAR VALOR","")) -> AUMENTAR VALOR | J155: =J102+J153 -> 18228
A156: Declaramos que os valores acima conferem com o Demonstrativo Integral das Receitas e Despesas do Exercício, elaborado nos moldes das Instruções vigentes do Tribunal de Contas do Estado de São Paulo.
B157: Americana, | C157: =C47 -> 0
A172: Declaração
A175: Declaramos, para os devidos fins, que os comprovantes de despesas constantes na Prestação de Contas da
A176: parcela abaixo, estão devidamente quitados:
A177: =C16 -> 6 | B177: ª parcela do | C177: =A13 -> TERMO DE COLABORAÇÃO | E177: =D13 -> 148/2025 | F177: =E13 -> ADITAMENTO | G177: =F13 -> 0
B179: Americana, | C179: =C47 -> 0

Sheet Parcela 7
A4: DEMONSTRATIVO INTEGRAL DAS RECEITAS E DESPESAS
D5: =DADOS!A5 -> EXERCÍCIO: | E5: =DADOS!C5 -> 2025
A8: =DADOS!A$8 -> CONTRATANTE | D8: =DADOS!D$8 -> Prefeitura Municipal de Americana
A9: =DADOS!A$9 -> CONTRATADA | D9: =DADOS!D$9 -> Associação Beneficente Residencial Evangélico Benaiah
A10: =DADOS!A$14 -> CNPJ: | D10: =DADOS!B$14 -> 43.266.758/0001-89
A11: =DADOS!A$10 -> ENDEREÇO | D11: =DADOS!D$10 -> Rua Benaiah, 290 - Terramérica - Americana/SP – CEP 13.468-824
A12: =DADOS!A$11 -> RESPONSAVEL PELA ORGANIZAÇÃO | D12: =DADOS!D$11 -> HELIO DE OLIVEIRA CAMARGO
A13: =DADOS!A$13 -> TERMO DE COLABORAÇÃO | D13: =DADOS!D13 -> 148/2025 | E13: =DADOS!E13 -> ADITAMENTO | F13: =DADOS!F13 -> 0
A16: PARCELA Nº | C16: 7
A17: DEMOSTRATICO DOS REPASSES PÚBLICOS RECEBIDOS
A18: ORIGEM DOS RECURSOS | C18: VALORES PREVISTOS - R$ | E18: DOC. DE CRÉDITO Nº | F18: DATA | G18: VALORES
G19: REPASSADOS -R$
A20: Estadual | D20: =DADOS!C27 -> 18228
E22: .
F24: RECEITA COM APLICAÇÕES FINANCEIRAS DOS REPASSES PÚBLICOS
F25: SALDO DE RECURSOS PÚBLICOS NÃO APLICADOS | G25: ='Parcela 6'!G44 -> -18228
F26: TOTAL | G26: =SUM(G20:G25) -> -18228
F27: RECURSOS PROPRIOS APLICADOS PELA ENTIDADE
A28: Os signatários, na qualidade de representantes da Associação Beneficente Residencial Evangélico Benaiah, vem indicar,
A29: na forma abaixo detalhada, a aplicação dos recursos recebidos no exercício supramencionado, na importância total de
A30: =SUM(G20:G23) -> 0 | B30: (dezoito mil, duzentos e vinte e oito reais), acrescidos do saldo de recursos não
A31: aplicados no valor de R$ | C31: =G25 -> -18228 | D31: ( reais)
A32: DEMONSTRATIVO DAS DESPESAS REALIZADAS
A33: CATEGORIA OU FINALIDADE | D33: PERIODO DE | F33: ORIGEM DO | G33: VALORES
A34: DAS DESPESAS | D34: REALIZAÇÃO | F34: RECURSO | G34: APLICADOS
A35: RECURSOS HUMANOS | D35: =DADOS!B$27 -> outubro | F35: Estadual | G35: =G103 -> 0
A36: MANUTENÇÃO - Utilidades públicas | D36: =DADOS!B$27 -> outubro | F36: Estadual | G36: =G111 -> 0
A37: MANUTENÇÃO - Gêneros alimentícios | D37: =DADOS!B$27 -> outubro | F37: Estadual | G37: =G126 -> 0
A38: MANUTENÇÃO - Mateirais de consumo | D38: =DADOS!B$27 -> outubro | F38: Estadual | G38: =G138 -> 0
A39: MANUTENÇÃO - Combustível | D39: =DADOS!B$27 -> outubro | F39: Estadual | G39: =G144 -> 0
A40: MANUTENÇÃO - Outras despesas | D40: =DADOS!B$27 -> outubro | F40: Estadual | G40: =G153 -> 0
A41: TOTAL DAS DESPESAS | G41: =SUM(G35:G40) -> 0
A42: RECURSO PÚBLICO NÃO APLICADO | G42: =SUM(G26-G41) -> -18228
A43: VALOR DEVOLVIDO AO ORGÃO CONCESSOR
A44: VALOR AUTORIZADO PARA APLICAÇÃO NO EXERCICIO SEGUINTE | G44: =G42-G43 -> -18228
A45: Declaramos, na qualidade de responsáveis pela Entidade supra epigrafada, sob as penalidades da Lei, que as despesas relacionadas, examinadas pelo Conselho Fiscal, comprovam a exata aplicação dos recursos recebidos para os fins indicados através da conta corrente 003/00004496-0, agência 0278, para finalidade específica, conforme programa de trabalho aprovado, proposto ao Órgão Concessor.
B47: Americana,
A53: Membros do Conselho Fiscal
B57: =A4 -> DEMONSTRATIVO INTEGRAL DAS RECEITAS E DESPESAS
D58: =D5 -> EXERCÍCIO: | E58: =E5 -> 2025
A60: =A8 -> CONTRATANTE | D60: =D8 -> Prefeitura Municipal de Americana
A61: =A9 -> CONTRATADA | D61: =D9 -> Associação Beneficente Residencial Evangélico Benaiah
A62: =A10 -> CNPJ: | D62: =D10 -> 43.266.758/0001-89
A63: =A11 -> ENDEREÇO | D63: =D11 -> Rua Benaiah, 290 - Terramérica - Americana/SP – CEP 13.468-824
A64: =A12 -> RESPONSAVEL PELA ORGANIZAÇÃO | D64: =D12 -> HELIO DE OLIVEIRA CAMARGO
A65: =A13 -> TERMO DE COLABORAÇÃO | D65: =D13 -> 148/2025 | E65: =E13 -> ADITAMENTO | F65: =F13 -> 0
A66: PARCELA Nº | C66: =C16 -> 7
A67: RECURSOS HUMANOS (5) - Salários, encargos e benefícios
A68: DATA DO | C68: ESPECIFICAÇÃO DO | E68: NATUREZA DA DESPESA | G68: VALOR - R$
A69: DOCUMENTO | C69: DOCUMENTO | E69: RESUMIDAMENTE
E70: Vale alimentação
E71: Folha de pagamento - GPS
J102: =DADOS!D$27 -> 18228
F103: TOTAL RECURSOS HUMANOS | G103: =SUM(G70:G102) -> 0 | H103: =IF(J103>J102*0.05,"DIMINUIR VALOR",IF(J103<-J102*0.05,"AUMENTAR VALOR","")) -> AUMENTAR VALOR | J103: =G103-J102 -> -18228
A104: MANUTENÇÃO: Uilidades públicas (7) - Energia Elétrica, água e esgoto, gás, telefone e internet
A105: DATA DO | C105: ESPECIFICAÇÃO DO | E105: NATUREZA DA DESPESA | G105: VALOR - R$
A106: DOCUMENTO | C106: DOCUMENTO | E106: RESUMIDAMENTE
J110: =DADOS!E$27 -> 0
F111: TOTAL UTILIDADES PÚBLICAS | G111: =SUM(G107:G110) -> 0 | H111: =IF(J111>J110*0.05,"DIMINUIR VALOR",IF(J111<-J110*0.05,"AUMENTAR VALOR","")) | J111: =G111-J110 -> 0
A112: MANUTENÇÃO: Gêneros alimentícios
A113: DATA DO | C113: ESPECIFICAÇÃO DO | E113: NATUREZA DA DESPESA | G113: VALOR - R$
A114: DOCUMENTO | C114: DOCUMENTO | E114: RESUMIDAMENTE
J125: =DADOS!F$27 -> 0
F126: TOTAL GÊNEROS ALIMENTICIOS | G126: =SUM(G115:G125) -> 0 | H126: =IF(J126>J125*0.05,"DIMINUIR VALOR",IF(J126<-J125*0.05,"AUMENTAR VALOR","")) | J126: =G126-J125 -> 0
A127: MANUTENÇÃO: Materiais de consumo
A128: DATA DO | C128: ESPECIFICAÇÃO DO | E128: NATUREZA DA DESPESA | G128: VALOR - R$
A129: DOCUMENTO | C129: DOCUMENTO | E129: RESUMIDAMENTE
J137: =DADOS!G$27 -> 0
F138: TOTAL MATERIAIS DE CONSUMO | G138: =SUM(G130:G137) -> 0 | H138: =IF(J138>J137*0.05,"DIMINUIR VALOR",IF(J138<-J137*0.05,"AUMENTAR VALOR","")) | J138: =G138-J137 -> 0
A139: MANUTENÇÃO: Combustível
A140: DATA DO | C140: ESPECIFICAÇÃO DO | E140: NATUREZA DA DESPESA | G140: VALOR - R$
A141: DOCUMENTO | C141: DOCUMENTO | E141: RESUMIDAMENTE
F144: TOTAL COMBUSTIVEL | G144: =SUM(G142:G143) -> 0
A145: MANUTENÇÃO: Outras despesas
A146: DATA DO | C146: ESPECIFICAÇÃO DO | E146: NATUREZA DA DESPESA | G146: VALOR - R$
A147: DOCUMENTO | C147: DOCUMENTO | E147: RESUMIDAMENTE
J150: =DADOS!I$27 -> 0
H151: =IF(J151>J150*0.05,"DIMINUIR VALOR",IF(J151<-J150*0.05,"AUMENTAR VALOR","")) | J151: =G153-J150 -> 0
F153: TOTAL OUTRAS DESPESAS | G153: =SUM(G148:G152) -> 0 | J153: =DADOS!J$27 -> 0
F154: TOTAL MANUTENÇÃO | G154: =SUM(G153+G144+G138+G126+G111) -> 0 | H154: =IF(J154>J153*0.05,"DIMINUIR VALOR",IF(J154<-J153*0.05,"AUMENTAR VALOR","")) | J154: =G154-J153 -> 0
F155: TOTAL GERAL | G155: =SUM(G154+G103) -> 0 | H155: =IF(G155>J155,"DIMINUIR VALOR",IF(G155<J155,"AUMENTAR VALOR","")) -> AUMENTAR VALOR | J155: =J102+J153 -> 18228
A156: Declaramos que os valores acima conferem com o Demonstrativo Integral das Receitas e Despesas do Exercício, elaborado nos moldes das Instruções vigentes do Tribunal de Contas do Estado de São Paulo.
B157: Americana, | C157: =C47 -> 0
A172: Declaração
A175: Declaramos, para os devidos fins, que os comprovantes de despesas constantes na Prestação de Contas da
A176: parcela abaixo, estão devidamente quitados:
A177: =C16 -> 7 | B177: ª parcela do | C177: =A13 -> TERMO DE COLABORAÇÃO | E177: =D13 -> 148/2025 | F177: =E13 -> ADITAMENTO | G177: =F13 -> 0
B179: Americana, | C179: =C47 -> 0

Sheet Parcela 8
A4: DEMONSTRATIVO INTEGRAL DAS RECEITAS E DESPESAS
D5: =DADOS!A5 -> EXERCÍCIO: | E5: =DADOS!C5 -> 2025
A8: =DADOS!A$8 -> CONTRATANTE | D8: =DADOS!D$8 -> Prefeitura Municipal de Americana
A9: =DADOS!A$9 -> CONTRATADA | D9: =DADOS!D$9 -> Associação Beneficente Residencial Evangélico Benaiah
A10: =DADOS!A$14 -> CNPJ: | D10: =DADOS!B$14 -> 43.266.758/0001-89
A11: =DADOS!A$10 -> ENDEREÇO | D11: =DADOS!D$10 -> Rua Benaiah, 290 - Terramérica - Americana/SP – CEP 13.468-824
A12: =DADOS!A$11 -> RESPONSAVEL PELA ORGANIZAÇÃO | D12: =DADOS!D$11 -> HELIO DE OLIVEIRA CAMARGO
A13: =DADOS!A$13 -> TERMO DE COLABORAÇÃO | D13: =DADOS!D13 -> 148/2025 | E13: =DADOS!E13 -> ADITAMENTO | F13: =DADOS!F13 -> 0
A16: PARCELA Nº | C16: 8
A17: DEMOSTRATICO DOS REPASSES PÚBLICOS RECEBIDOS
A18: ORIGEM DOS RECURSOS | C18: VALORES PREVISTOS - R$ | E18: DOC. DE CRÉDITO Nº | F18: DATA | G18: VALORES
G19: REPASSADOS -R$
A20: Estadual | D20: =DADOS!C28 -> 18228
F24: RECEITA COM APLICAÇÕES FINANCEIRAS DOS REPASSES PÚBLICOS
F25: SALDO DE RECURSOS PÚBLICOS NÃO APLICADOS | G25: ='Parcela 7'!G44 -> -18228
F26: TOTAL | G26: =SUM(G20:G25) -> -18228
F27: RECURSOS PROPRIOS APLICADOS PELA ENTIDADE
A28: Os signatários, na qualidade de representantes da Associação Beneficente Residencial Evangélico Benaiah, vem indicar,
A29: na forma abaixo detalhada, a aplicação dos recursos recebidos no exercício supramencionado, na importância total de
A30: =SUM(G20:G23) -> 0 | B30: (dezoito mil, duzentos e vinte e oito reais), acrescidos do saldo de recursos não
A31: aplicados no valor de R$ | C31: =G25 -> -18228 | D31: ( reais)
A32: DEMONSTRATIVO DAS DESPESAS REALIZADAS
A33: CATEGORIA OU FINALIDADE | D33: PERIODO DE | F33: ORIGEM DO | G33: VALORES
A34: DAS DESPESAS | D34: REALIZAÇÃO | F34: RECURSO | G34: APLICADOS
A35: RECURSOS HUMANOS | D35: =DADOS!B$28 -> novembro | F35: Estadual | G35: =G103 -> 0
A36: MANUTENÇÃO - Utilidades públicas | D36: =DADOS!B$28 -> novembro | F36: Estadual | G36: =G111 -> 0
A37: MANUTENÇÃO - Gêneros alimentícios | D37: =DADOS!B$28 -> novembro | F37: Estadual | G37: =G126 -> 0
A38: MANUTENÇÃO - Mateirais de consumo | D38: =DADOS!B$28 -> novembro | F38: Estadual | G38: =G138 -> 0
A39: MANUTENÇÃO - Combustível | D39: =DADOS!B$28 -> novembro | F39: Estadual | G39: =G144 -> 0
A40: MANUTENÇÃO - Outras despesas | D40: =DADOS!B$28 -> novembro | F40: Estadual | G40: =G153 -> 0
A41: TOTAL DAS DESPESAS | G41: =SUM(G35:G40) -> 0
A42: RECURSO PÚBLICO NÃO APLICADO | G42: =SUM(G26-G41) -> -18228
A43: VALOR DEVOLVIDO AO ORGÃO CONCESSOR
A44: VALOR AUTORIZADO PARA APLICAÇÃO NO EXERCICIO SEGUINTE | G44: =G42-G43 -> -18228
A45: Declaramos, na qualidade de responsáveis pela Entidade supra epigrafada, sob as penalidades da Lei, que as despesas relacionadas, examinadas pelo Conselho Fiscal, comprovam a exata aplicação dos recursos recebidos para os fins indicados através da conta corrente 003/00004496-0, agência 0278, para finalidade específica, conforme programa de trabalho aprovado, proposto ao Órgão Concessor.
B47: Americana,
A53: Membros do Conselho Fiscal
B57: =A4 -> DEMONSTRATIVO INTEGRAL DAS RECEITAS E DESPESAS
D58: =D5 -> EXERCÍCIO: | E58: =E5 -> 2025
A60: =A8 -> CONTRATANTE | D60: =D8 -> Prefeitura Municipal de Americana
A61: =A9 -> CONTRATADA | D61: =D9 -> Associação Beneficente Residencial Evangélico Benaiah
A62: =A10 -> CNPJ: | D62: =D10 -> 43.266.758/0001-89
A63: =A11 -> ENDEREÇO | D63: =D11 -> Rua Benaiah, 290 - Terramérica - Americana/SP – CEP 13.468-824
A64: =A12 -> RESPONSAVEL PELA ORGANIZAÇÃO | D64: =D12 -> HELIO DE OLIVEIRA CAMARGO
A65: =A13 -> TERMO DE COLABORAÇÃO | D65: =D13 -> 148/2025 | E65: =E13 -> ADITAMENTO | F65: =F13 -> 0
A66: PARCELA Nº | C66: =C16 -> 8
A67: RECURSOS HUMANOS (5) - Salários, encargos e benefícios
A68: DATA DO | C68: ESPECIFICAÇÃO DO | E68: NATUREZA DA DESPESA | G68: VALOR - R$
A69: DOCUMENTO | C69: DOCUMENTO | E69: RESUMIDAMENTE
E70: Vale alimentação
E71: Folha de pagamento - GPS
J102: =DADOS!D$28 -> 18228
F103: TOTAL RECURSOS HUMANOS | G103: =SUM(G70:G102) -> 0 | H103: =IF(J103>J102*0.05,"DIMINUIR VALOR",IF(J103<-J102*0.05,"AUMENTAR VALOR","")) -> AUMENTAR VALOR | J103: =G103-J102 -> -18228
A104: MANUTENÇÃO: Uilidades públicas (7) - Energia Elétrica, água e esgoto, gás, telefone e internet
A105: DATA DO | C105: ESPECIFICAÇÃO DO | E105: NATUREZA DA DESPESA | G105: VALOR - R$
A106: DOCUMENTO | C106: DOCUMENTO | E106: RESUMIDAMENTE
J110: =DADOS!E$28 -> 0
F111: TOTAL UTILIDADES PÚBLICAS | G111: =SUM(G107:G110) -> 0 | H111: =IF(J111>J110*0.05,"DIMINUIR VALOR",IF(J111<-J110*0.05,"AUMENTAR VALOR","")) | J111: =G111-J110 -> 0
A112: MANUTENÇÃO: Gêneros alimentícios
A113: DATA DO | C113: ESPECIFICAÇÃO DO | E113: NATUREZA DA DESPESA | G113: VALOR - R$
A114: DOCUMENTO | C114: DOCUMENTO | E114: RESUMIDAMENTE
J125: =DADOS!F$28 -> 0
F126: TOTAL GÊNEROS ALIMENTICIOS | G126: =SUM(G115:G125) -> 0 | H126: =IF(J126>J125*0.05,"DIMINUIR VALOR",IF(J126<-J125*0.05,"AUMENTAR VALOR","")) | J126: =G126-J125 -> 0
A127: MANUTENÇÃO: Materiais de consumo
A128: DATA DO | C128: ESPECIFICAÇÃO DO | E128: NATUREZA DA DESPESA | G128: VALOR - R$
A129: DOCUMENTO | C129: DOCUMENTO | E129: RESUMIDAMENTE
J137: =DADOS!G$28 -> 0
F138: TOTAL MATERIAIS DE CONSUMO | G138: =SUM(G130:G137) -> 0 | H138: =IF(J138>J137*0.05,"DIMINUIR VALOR",IF(J138<-J137*0.05,"AUMENTAR VALOR","")) | J138: =G138-J137 -> 0
A139: MANUTENÇÃO: Combustível
A140: DATA DO | C140: ESPECIFICAÇÃO DO | E140: NATUREZA DA DESPESA | G140: VALOR - R$
A141: DOCUMENTO | C141: DOCUMENTO | E141: RESUMIDAMENTE
F144: TOTAL COMBUSTIVEL | G144: =SUM(G142:G143) -> 0
A145: MANUTENÇÃO: Outras despesas
A146: DATA DO | C146: ESPECIFICAÇÃO DO | E146: NATUREZA DA DESPESA | G146: VALOR - R$
A147: DOCUMENTO | C147: DOCUMENTO | E147: RESUMIDAMENTE
J150: =DADOS!I$28 -> 0
H151: =IF(J151>J150*0.05,"DIMINUIR VALOR",IF(J151<-J150*0.05,"AUMENTAR VALOR","")) | J151: =G153-J150 -> 0
F153: TOTAL OUTRAS DESPESAS | G153: =SUM(G148:G152) -> 0 | J153: =DADOS!J$28 -> 0
F154: TOTAL MANUTENÇÃO | G154: =SUM(G153+G144+G138+G126+G111) -> 0 | H154: =IF(J154>J153*0.05,"DIMINUIR VALOR",IF(J154<-J153*0.05,"AUMENTAR VALOR","")) | J154: =G154-J153 -> 0
F155: TOTAL GERAL | G155: =SUM(G154+G103) -> 0 | H155: =IF(G155>J155,"DIMINUIR VALOR",IF(G155<J155,"AUMENTAR VALOR","")) -> AUMENTAR VALOR | J155: =J102+J153 -> 18228
A156: Declaramos que os valores acima conferem com o Demonstrativo Integral das Receitas e Despesas do Exercício, elaborado nos moldes das Instruções vigentes do Tribunal de Contas do Estado de São Paulo.
B157: Americana, | C157: =C47 -> 0
A172: Declaração
A175: Declaramos, para os devidos fins, que os comprovantes de despesas constantes na Prestação de Contas da
A176: parcela abaixo, estão devidamente quitados:
A177: =C16 -> 8 | B177: ª parcela do | C177: =A13 -> TERMO DE COLABORAÇÃO | E177: =D13 -> 148/2025 | F177: =E13 -> ADITAMENTO | G177: =F13 -> 0
B179: Americana, | C179: =C47 -> 0

Sheet Parcela 9
A4: DEMONSTRATIVO INTEGRAL DAS RECEITAS E DESPESAS
D5: =DADOS!A5 -> EXERCÍCIO: | E5: =DADOS!C5 -> 2025
A8: =DADOS!A$8 -> CONTRATANTE | D8: =DADOS!D$8 -> Prefeitura Municipal de Americana
A9: =DADOS!A$9 -> CONTRATADA | D9: =DADOS!D$9 -> Associação Beneficente Residencial Evangélico Benaiah
A10: =DADOS!A$14 -> CNPJ: | D10: =DADOS!B$14 -> 43.266.758/0001-89
A11: =DADOS!A$10 -> ENDEREÇO | D11: =DADOS!D$10 -> Rua Benaiah, 290 - Terramérica - Americana/SP – CEP 13.468-824
A12: =DADOS!A$11 -> RESPONSAVEL PELA ORGANIZAÇÃO | D12: =DADOS!D$11 -> HELIO DE OLIVEIRA CAMARGO
A13: =DADOS!A$13 -> TERMO DE COLABORAÇÃO | D13: =DADOS!D13 -> 148/2025 | E13: =DADOS!E13 -> ADITAMENTO | F13: =DADOS!F13 -> 0
A16: PARCELA Nº | C16: 9
A17: DEMOSTRATICO DOS REPASSES PÚBLICOS RECEBIDOS
A18: ORIGEM DOS RECURSOS | C18: VALORES PREVISTOS - R$ | E18: DOC. DE CRÉDITO Nº | F18: DATA | G18: VALORES
G19: REPASSADOS -R$
A20: Estadual | D20: =DADOS!C29 -> 18228
F24: RECEITA COM APLICAÇÕES FINANCEIRAS DOS REPASSES PÚBLICOS
F25: SALDO DE RECURSOS PÚBLICOS NÃO APLICADOS | G25: ='Parcela 8'!G44 -> -18228
F26: TOTAL | G26: =SUM(G20:G25) -> -18228
F27: RECURSOS PROPRIOS APLICADOS PELA ENTIDADE
A28: Os signatários, na qualidade de representantes da Associação Beneficente Residencial Evangélico Benaiah, vem indicar,
A29: na forma abaixo detalhada, a aplicação dos recursos recebidos no exercício supramencionado, na importância total de
A30: =SUM(G20:G23) -> 0 | B30: (dezoito mil, trezentos e noventa e um reais e sessenta centavos), acrescidos do saldo de recursos não
A31: aplicados no valor de R$ | C31: =G25 -> -18228 | D31: ( reais)
A32: DEMONSTRATIVO DAS DESPESAS REALIZADAS
A33: CATEGORIA OU FINALIDADE | D33: PERIODO DE | F33: ORIGEM DO | G33: VALORES
A34: DAS DESPESAS | D34: REALIZAÇÃO | F34: RECURSO | G34: APLICADOS
A35: RECURSOS HUMANOS | D35: =DADOS!B$29 -> dezembro | F35: Estadual | G35: =G103 -> 0
A36: MANUTENÇÃO - Utilidades públicas | D36: =DADOS!B$29 -> dezembro | F36: Estadual | G36: =G111 -> 0
A37: MANUTENÇÃO - Gêneros alimentícios | D37: =DADOS!B$29 -> dezembro | F37: Estadual | G37: =G126 -> 0
A38: MANUTENÇÃO - Mateirais de consumo | D38: =DADOS!B$29 -> dezembro | F38: Estadual | G38: =G138 -> 0
A39: MANUTENÇÃO - Combustível | D39: =DADOS!B$29 -> dezembro | F39: Estadual | G39: =G144 -> 0
A40: MANUTENÇÃO - Outras despesas | D40: =DADOS!B$29 -> dezembro | F40: Estadual | G40: =G153 -> 0
A41: TOTAL DAS DESPESAS | G41: =SUM(G35:G40) -> 0
A42: RECURSO PÚBLICO NÃO APLICADO | G42: =SUM(G26-G41) -> -18228
A43: VALOR DEVOLVIDO AO ORGÃO CONCESSOR
A44: VALOR AUTORIZADO PARA APLICAÇÃO NO EXERCICIO SEGUINTE | G44: =G42-G43 -> -18228
A45: Declaramos, na qualidade de responsáveis pela Entidade supra epigrafada, sob as penalidades da Lei, que as despesas relacionadas, examinadas pelo Conselho Fiscal, comprovam a exata aplicação dos recursos recebidos para os fins indicados através da conta corrente 003/00004496-0, agência 0278, para finalidade específica, conforme programa de trabalho aprovado, proposto ao Órgão Concessor.
B47: Americana,
A53: Membros do Conselho Fiscal
B57: =A4 -> DEMONSTRATIVO INTEGRAL DAS RECEITAS E DESPESAS
D58: =D5 -> EXERCÍCIO: | E58: =E5 -> 2025
A60: =A8 -> CONTRATANTE | D60: =D8 -> Prefeitura Municipal de Americana
A61: =A9 -> CONTRATADA | D61: =D9 -> Associação Beneficente Residencial Evangélico Benaiah
A62: =A10 -> CNPJ: | D62: =D10 -> 43.266.758/0001-89
A63: =A11 -> ENDEREÇO | D63: =D11 -> Rua Benaiah, 290 - Terramérica - Americana/SP – CEP 13.468-824
A64: =A12 -> RESPONSAVEL PELA ORGANIZAÇÃO | D64: =D12 -> HELIO DE OLIVEIRA CAMARGO
A65: =A13 -> TERMO DE COLABORAÇÃO | D65: =D13 -> 148/2025 | E65: =E13 -> ADITAMENTO | F65: =F13 -> 0
A66: PARCELA Nº | C66: =C16 -> 9
A67: RECURSOS HUMANOS (5) - Salários, encargos e benefícios
A68: DATA DO | C68: ESPECIFICAÇÃO DO | E68: NATUREZA DA DESPESA | G68: VALOR - R$
A69: DOCUMENTO | C69: DOCUMENTO | E69: RESUMIDAMENTE
E70: Vale alimentação
E71: Folha de pagamento - GPS
J102: =DADOS!D$29 -> 18228
F103: TOTAL RECURSOS HUMANOS | G103: =SUM(G70:G102) -> 0 | H103: =IF(J103>J102*0.05,"DIMINUIR VALOR",IF(J103<-J102*0.05,"AUMENTAR VALOR","")) -> AUMENTAR VALOR | J103: =G103-J102 -> -18228
A104: MANUTENÇÃO: Uilidades públicas (7) - Energia Elétrica, água e esgoto, gás, telefone e internet
A105: DATA DO | C105: ESPECIFICAÇÃO DO | E105: NATUREZA DA DESPESA | G105: VALOR - R$
A106: DOCUMENTO | C106: DOCUMENTO | E106: RESUMIDAMENTE
J110: =DADOS!E$29 -> 0
F111: TOTAL UTILIDADES PÚBLICAS | G111: =SUM(G107:G110) -> 0 | H111: =IF(J111>J110*0.05,"DIMINUIR VALOR",IF(J111<-J110*0.05,"AUMENTAR VALOR","")) | J111: =G111-J110 -> 0
A112: MANUTENÇÃO: Gêneros alimentícios
A113: DATA DO | C113: ESPECIFICAÇÃO DO | E113: NATUREZA DA DESPESA | G113: VALOR - R$
A114: DOCUMENTO | C114: DOCUMENTO | E114: RESUMIDAMENTE
J125: =DADOS!F$29 -> 0
F126: TOTAL GÊNEROS ALIMENTICIOS | G126: =SUM(G115:G125) -> 0 | H126: =IF(J126>J125*0.05,"DIMINUIR VALOR",IF(J126<-J125*0.05,"AUMENTAR VALOR","")) | J126: =G126-J125 -> 0
A127: MANUTENÇÃO: Materiais de consumo
A128: DATA DO | C128: ESPECIFICAÇÃO DO | E128: NATUREZA DA DESPESA | G128: VALOR - R$
A129: DOCUMENTO | C129: DOCUMENTO | E129: RESUMIDAMENTE
J137: =DADOS!G$29 -> 0
F138: TOTAL MATERIAIS DE CONSUMO | G138: =SUM(G130:G137) -> 0 | H138: =IF(J138>J137*0.05,"DIMINUIR VALOR",IF(J138<-J137*0.05,"AUMENTAR VALOR","")) | J138: =G138-J137 -> 0
A139: MANUTENÇÃO: Combustível
A140: DATA DO | C140: ESPECIFICAÇÃO DO | E140: NATUREZA DA DESPESA | G140: VALOR - R$
A141: DOCUMENTO | C141: DOCUMENTO | E141: RESUMIDAMENTE
F144: TOTAL COMBUSTIVEL | G144: =SUM(G142:G143) -> 0
A145: MANUTENÇÃO: Outras despesas
A146: DATA DO | C146: ESPECIFICAÇÃO DO | E146: NATUREZA DA DESPESA | G146: VALOR - R$
A147: DOCUMENTO | C147: DOCUMENTO | E147: RESUMIDAMENTE
J150: =DADOS!I$29 -> 0
H151: =IF(J151>J150*0.05,"DIMINUIR VALOR",IF(J151<-J150*0.05,"AUMENTAR VALOR","")) | J151: =G153-J150 -> 0
F153: TOTAL OUTRAS DESPESAS | G153: =SUM(G148:G152) -> 0 | J153: =DADOS!J$29 -> 0
F154: TOTAL MANUTENÇÃO | G154: =SUM(G153+G144+G138+G126+G111) -> 0 | H154: =IF(J154>J153*0.05,"DIMINUIR VALOR",IF(J154<-J153*0.05,"AUMENTAR VALOR","")) | J154: =G154-J153 -> 0
F155: TOTAL GERAL | G155: =SUM(G154+G103) -> 0 | H155: =IF(G155>J155,"DIMINUIR VALOR",IF(G155<J155,"AUMENTAR VALOR","")) -> AUMENTAR VALOR | J155: =J102+J153 -> 18228
A156: Declaramos que os valores acima conferem com o Demonstrativo Integral das Receitas e Despesas do Exercício, elaborado nos moldes das Instruções vigentes do Tribunal de Contas do Estado de São Paulo.
B157: Americana, | C157: =C47 -> 0
A172: Declaração
A175: Declaramos, para os devidos fins, que os comprovantes de despesas constantes na Prestação de Contas da
A176: parcela abaixo, estão devidamente quitados:
A177: =C16 -> 9 | B177: ª parcela do | C177: =A13 -> TERMO DE COLABORAÇÃO | E177: =D13 -> 148/2025 | F177: =E13 -> ADITAMENTO | G177: =F13 -> 0
B179: Americana, | C179: =C47 -> 0

Sheet parcela 10
A4: DEMONSTRATIVO INTEGRAL DAS RECEITAS E DESPESAS
D5: =DADOS!A5 -> EXERCÍCIO: | E5: =DADOS!C5 -> 2025
A8: =DADOS!A$8 -> CONTRATANTE | D8: =DADOS!D$8 -> Prefeitura Municipal de Americana
A9: =DADOS!A$9 -> CONTRATADA | D9: =DADOS!D$9 -> Associação Beneficente Residencial Evangélico Benaiah
A10: =DADOS!A$14 -> CNPJ: | D10: =DADOS!B$14 -> 43.266.758/0001-89
A11: =DADOS!A$10 -> ENDEREÇO | D11: =DADOS!D$10 -> Rua Benaiah, 290 - Terramérica - Americana/SP – CEP 13.468-824
A12: =DADOS!A$11 -> RESPONSAVEL PELA ORGANIZAÇÃO | D12: =DADOS!D$11 -> HELIO DE OLIVEIRA CAMARGO
A13: =DADOS!A$13 -> TERMO DE COLABORAÇÃO | D13: =DADOS!D13 -> 148/2025 | E13: =DADOS!E13 -> ADITAMENTO | F13: =DADOS!F13 -> 0
A16: PARCELA Nº | C16: 10
A17: DEMOSTRATICO DOS REPASSES PÚBLICOS RECEBIDOS
A18: ORIGEM DOS RECURSOS | C18: VALORES PREVISTOS - R$ | E18: DOC. DE CRÉDITO Nº | F18: DATA | G18: VALORES
G19: REPASSADOS -R$
A20: Estadual | D20: =DADOS!C30 -> 0
F24: RECEITA COM APLICAÇÕES FINANCEIRAS DOS REPASSES PÚBLICOS
F25: SALDO DE RECURSOS PÚBLICOS NÃO APLICADOS | G25: ='Parcela 9'!G44 -> -18228
F26: TOTAL | G26: =SUM(G20:G25) -> -18228
F27: RECURSOS PROPRIOS APLICADOS PELA ENTIDADE
A28: Os signatários, na qualidade de representantes da Associação Beneficente Residencial Evangélico Benaiah, vem indicar,
A29: na forma abaixo detalhada, a aplicação dos recursos recebidos no exercício supramencionado, na importância total de
A30: =SUM(G20:G23) -> 0 | B30: (nove mil, cento e sessenta reais), acrescidos do saldo de recursos não
A31: aplicados no valor de R$ | C31: =G25 -> -18228 | D31: ( reais)
A32: DEMONSTRATIVO DAS DESPESAS REALIZADAS
A33: CATEGORIA OU FINALIDADE | D33: PERIODO DE | F33: ORIGEM DO | G33: VALORES
A34: DAS DESPESAS | D34: REALIZAÇÃO | F34: RECURSO | G34: APLICADOS
A35: RECURSOS HUMANOS | D35: =DADOS!B$30 -> janeiro | F35: Estadual | G35: =G103 -> 0
A36: MANUTENÇÃO - Utilidades públicas | D36: =DADOS!B$30 -> janeiro | F36: Estadual | G36: =G111 -> 0
A37: MANUTENÇÃO - Gêneros alimentícios | D37: =DADOS!B$30 -> janeiro | F37: Estadual | G37: =G126 -> 0
A38: MANUTENÇÃO - Mateirais de consumo | D38: =DADOS!B$30 -> janeiro | F38: Estadual | G38: =G138 -> 0
A39: MANUTENÇÃO - Combustível | D39: =DADOS!B$30 -> janeiro | F39: Estadual | G39: =G144 -> 0
A40: MANUTENÇÃO - Outras despesas | D40: =DADOS!B$30 -> janeiro | F40: Estadual | G40: =G153 -> 0
A41: TOTAL DAS DESPESAS | G41: =SUM(G35:G40) -> 0
A42: RECURSO PÚBLICO NÃO APLICADO | G42: =SUM(G26-G41) -> -18228
A43: VALOR DEVOLVIDO AO ORGÃO CONCESSOR
A44: VALOR AUTORIZADO PARA APLICAÇÃO NO EXERCICIO SEGUINTE | G44: =G42-G43 -> -18228
A45: Declaramos, na qualidade de responsáveis pela Entidade supra epigrafada, sob as penalidades da Lei, que as despesas relacionadas, examinadas pelo Conselho Fiscal, comprovam a exata aplicação dos recursos recebidos para os fins indicados através da conta corrente 003/00004496-0, agência 0278, para finalidade específica, conforme programa de trabalho aprovado, proposto ao Órgão Concessor.
B47: Americana,
A53: Membros do Conselho Fiscal
B57: =A4 -> DEMONSTRATIVO INTEGRAL DAS RECEITAS E DESPESAS
D58: =D5 -> EXERCÍCIO: | E58: =E5 -> 2025
A60: =A8 -> CONTRATANTE | D60: =D8 -> Prefeitura Municipal de Americana
A61: =A9 -> CONTRATADA | D61: =D9 -> Associação Beneficente Residencial Evangélico Benaiah
A62: =A10 -> CNPJ: | D62: =D10 -> 43.266.758/0001-89
A63: =A11 -> ENDEREÇO | D63: =D11 -> Rua Benaiah, 290 - Terramérica - Americana/SP – CEP 13.468-824
A64: =A12 -> RESPONSAVEL PELA ORGANIZAÇÃO | D64: =D12 -> HELIO DE OLIVEIRA CAMARGO
A65: =A13 -> TERMO DE COLABORAÇÃO | D65: =D13 -> 148/2025 | E65: =E13 -> ADITAMENTO | F65: =F13 -> 0
A66: PARCELA Nº | C66: =C16 -> 10
A67: RECURSOS HUMANOS (5) - Salários, encargos e benefícios
A68: DATA DO | C68: ESPECIFICAÇÃO DO | E68: NATUREZA DA DESPESA | G68: VALOR - R$
A69: DOCUMENTO | C69: DOCUMENTO | E69: RESUMIDAMENTE
J102: =DADOS!D$30 -> 0
F103: TOTAL RECURSOS HUMANOS | G103: =SUM(G70:G102) -> 0 | H103: =IF(J103>J102*0.05,"DIMINUIR VALOR",IF(J103<-J102*0.05,"AUMENTAR VALOR","")) | J103: =G103-J102 -> 0
A104: MANUTENÇÃO: Uilidades públicas (7) - Energia Elétrica, água e esgoto, gás, telefone e internet
A105: DATA DO | C105: ESPECIFICAÇÃO DO | E105: NATUREZA DA DESPESA | G105: VALOR - R$
A106: DOCUMENTO | C106: DOCUMENTO | E106: RESUMIDAMENTE
J110: =DADOS!E$30 -> 0
F111: TOTAL UTILIDADES PÚBLICAS | G111: =SUM(G107:G110) -> 0 | H111: =IF(J111>J110*0.05,"DIMINUIR VALOR",IF(J111<-J110*0.05,"AUMENTAR VALOR","")) | J111: =G111-J110 -> 0
A112: MANUTENÇÃO: Gêneros alimentícios
A113: DATA DO | C113: ESPECIFICAÇÃO DO | E113: NATUREZA DA DESPESA | G113: VALOR - R$
A114: DOCUMENTO | C114: DOCUMENTO | E114: RESUMIDAMENTE
J125: =DADOS!F$30 -> 0
F126: TOTAL GÊNEROS ALIMENTICIOS | G126: =SUM(G115:G125) -> 0 | H126: =IF(J126>J125*0.05,"DIMINUIR VALOR",IF(J126<-J125*0.05,"AUMENTAR VALOR","")) | J126: =G126-J125 -> 0
A127: MANUTENÇÃO: Materiais de consumo
A128: DATA DO | C128: ESPECIFICAÇÃO DO | E128: NATUREZA DA DESPESA | G128: VALOR - R$
A129: DOCUMENTO | C129: DOCUMENTO | E129: RESUMIDAMENTE
J137: =DADOS!G$30 -> 0
F138: TOTAL MATERIAIS DE CONSUMO | G138: =SUM(G130:G137) -> 0 | H138: =IF(J138>J137*0.05,"DIMINUIR VALOR",IF(J138<-J137*0.05,"AUMENTAR VALOR","")) | J138: =G138-J137 -> 0
A139: MANUTENÇÃO: Combustível
A140: DATA DO | C140: ESPECIFICAÇÃO DO | E140: NATUREZA DA DESPESA | G140: VALOR - R$
A141: DOCUMENTO | C141: DOCUMENTO | E141: RESUMIDAMENTE
F144: TOTAL COMBUSTIVEL | G144: =SUM(G142:G143) -> 0
A145: MANUTENÇÃO: Outras despesas
A146: DATA DO | C146: ESPECIFICAÇÃO DO | E146: NATUREZA DA DESPESA | G146: VALOR - R$
A147: DOCUMENTO | C147: DOCUMENTO | E147: RESUMIDAMENTE
J150: =DADOS!I$30 -> 0
H151: =IF(J151>J150*0.05,"DIMINUIR VALOR",IF(J151<-J150*0.05,"AUMENTAR VALOR","")) | J151: =G153-J150 -> 0
F153: TOTAL OUTRAS DESPESAS | G153: =SUM(G148:G152) -> 0 | J153: =DADOS!J$30 -> 0
F154: TOTAL MANUTENÇÃO | G154: =SUM(G153+G144+G138+G126+G111) -> 0 | H154: =IF(J154>J153*0.05,"DIMINUIR VALOR",IF(J154<-J153*0.05,"AUMENTAR VALOR","")) | J154: =G154-J153 -> 0
F155: TOTAL GERAL | G155: =SUM(G154+G103) -> 0 | H155: =IF(G155>J155,"DIMINUIR VALOR",IF(G155<J155,"AUMENTAR VALOR","")) | J155: =J102+J153 -> 0
A156: Declaramos que os valores acima conferem com o Demonstrativo Integral das Receitas e Despesas do Exercício, elaborado nos moldes das Instruções vigentes do Tribunal de Contas do Estado de São Paulo.
B157: Americana, | C157: =C47 -> 0
A172: Declaração
A175: Declaramos, para os devidos fins, que os comprovantes de despesas constantes na Prestação de Contas da
A176: parcela abaixo, estão devidamente quitados:
A177: =C16 -> 10 | B177: ª parcela do | C177: =A13 -> TERMO DE COLABORAÇÃO | E177: =D13 -> 148/2025 | F177: =E13 -> ADITAMENTO | G177: =F13 -> 0
B179: Americana, | C179: =C47 -> 0

Sheet Parcela 11
A4: DEMONSTRATIVO INTEGRAL DAS RECEITAS E DESPESAS
D5: =DADOS!A5 -> EXERCÍCIO: | E5: =DADOS!C5 -> 2025
A8: =DADOS!A$8 -> CONTRATANTE | D8: =DADOS!D$8 -> Prefeitura Municipal de Americana
A9: =DADOS!A$9 -> CONTRATADA | D9: =DADOS!D$9 -> Associação Beneficente Residencial Evangélico Benaiah
A10: =DADOS!A$14 -> CNPJ: | D10: =DADOS!B$14 -> 43.266.758/0001-89
A11: =DADOS!A$10 -> ENDEREÇO | D11: =DADOS!D$10 -> Rua Benaiah, 290 - Terramérica - Americana/SP – CEP 13.468-824
A12: =DADOS!A$11 -> RESPONSAVEL PELA ORGANIZAÇÃO | D12: =DADOS!D$11 -> HELIO DE OLIVEIRA CAMARGO
A13: =DADOS!A$13 -> TERMO DE COLABORAÇÃO | D13: =DADOS!D13 -> 148/2025 | E13: =DADOS!E13 -> ADITAMENTO | F13: =DADOS!F13 -> 0
A16: PARCELA Nº | C16: 11
A17: DEMOSTRATICO DOS REPASSES PÚBLICOS RECEBIDOS
A18: ORIGEM DOS RECURSOS | C18: VALORES PREVISTOS - R$ | E18: DOC. DE CRÉDITO Nº | F18: DATA | G18: VALORES
G19: REPASSADOS -R$
A20: Estadual | D20: =DADOS!C31 -> 0
F24: RECEITA COM APLICAÇÕES FINANCEIRAS DOS REPASSES PÚBLICOS
F25: SALDO DE RECURSOS PÚBLICOS NÃO APLICADOS | G25: ='parcela 10'!G44 -> -18228
F26: TOTAL | G26: =SUM(G20:G25) -> -18228
F27: RECURSOS PROPRIOS APLICADOS PELA ENTIDADE
A28: Os signatários, na qualidade de representantes da Associação Beneficente Residencial Evangélico Benaiah, vem indicar,
A29: na forma abaixo detalhada, a aplicação dos recursos recebidos no exercício supramencionado, na importância total de
A30: =SUM(G20:G23) -> 0 | B30: (nove mil, cento e sessenta reais), acrescidos do saldo de recursos não
A31: aplicados no valor de R$ | C31: =G25 -> -18228 | D31: ( reais)
A32: DEMONSTRATIVO DAS DESPESAS REALIZADAS
A33: CATEGORIA OU FINALIDADE | D33: PERIODO DE | F33: ORIGEM DO | G33: VALORES
A34: DAS DESPESAS | D34: REALIZAÇÃO | F34: RECURSO | G34: APLICADOS
A35: RECURSOS HUMANOS | D35: =DADOS!B$31 -> fevereiro | F35: Estadual | G35: =G103 -> 0
A36: MANUTENÇÃO - Utilidades públicas | D36: =DADOS!B$31 -> fevereiro | F36: Estadual | G36: =G111 -> 0
A37: MANUTENÇÃO - Gêneros alimentícios | D37: =DADOS!B$31 -> fevereiro | F37: Estadual | G37: =G126 -> 0
A38: MANUTENÇÃO - Mateirais de consumo | D38: =DADOS!B$31 -> fevereiro | F38: Estadual | G38: =G138 -> 0
A39: MANUTENÇÃO - Combustível | D39: =DADOS!B$31 -> fevereiro | F39: Estadual | G39: =G144 -> 0
A40: MANUTENÇÃO - Outras despesas | D40: =DADOS!B$31 -> fevereiro | F40: Estadual | G40: =G153 -> 0
A41: TOTAL DAS DESPESAS | G41: =SUM(G35:G40) -> 0
A42: RECURSO PÚBLICO NÃO APLICADO | G42: =SUM(G26-G41) -> -18228
A43: VALOR DEVOLVIDO AO ORGÃO CONCESSOR
A44: VALOR AUTORIZADO PARA APLICAÇÃO NO EXERCICIO SEGUINTE | G44: =G42-G43 -> -18228
A45: Declaramos, na qualidade de responsáveis pela Entidade supra epigrafada, sob as penalidades da Lei, que as despesas relacionadas, examinadas pelo Conselho Fiscal, comprovam a exata aplicação dos recursos recebidos para os fins indicados através da conta corrente 003/00004496-0, agência 0278, para finalidade específica, conforme programa de trabalho aprovado, proposto ao Órgão Concessor.
B47: Americana, | C47: helenira
A53: Membros do Conselho Fiscal
B57: =A4 -> DEMONSTRATIVO INTEGRAL DAS RECEITAS E DESPESAS
D58: =D5 -> EXERCÍCIO: | E58: =E5 -> 2025
A60: =A8 -> CONTRATANTE | D60: =D8 -> Prefeitura Municipal de Americana
A61: =A9 -> CONTRATADA | D61: =D9 -> Associação Beneficente Residencial Evangélico Benaiah
A62: =A10 -> CNPJ: | D62: =D10 -> 43.266.758/0001-89
A63: =A11 -> ENDEREÇO | D63: =D11 -> Rua Benaiah, 290 - Terramérica - Americana/SP – CEP 13.468-824
A64: =A12 -> RESPONSAVEL PELA ORGANIZAÇÃO | D64: =D12 -> HELIO DE OLIVEIRA CAMARGO
A65: =A13 -> TERMO DE COLABORAÇÃO | D65: =D13 -> 148/2025 | E65: =E13 -> ADITAMENTO | F65: =F13 -> 0
A66: PARCELA Nº | C66: =C16 -> 11
A67: RECURSOS HUMANOS (5) - Salários, encargos e benefícios
A68: DATA DO | C68: ESPECIFICAÇÃO DO | E68: NATUREZA DA DESPESA | G68: VALOR - R$
A69: DOCUMENTO | C69: DOCUMENTO | E69: RESUMIDAMENTE
J102: =DADOS!D$31 -> 0
F103: TOTAL RECURSOS HUMANOS | G103: =SUM(G70:G102) -> 0 | H103: =IF(J103>J102*0.05,"DIMINUIR VALOR",IF(J103<-J102*0.05,"AUMENTAR VALOR","")) | J103: =G103-J102 -> 0
A104: MANUTENÇÃO: Uilidades públicas (7) - Energia Elétrica, água e esgoto, gás, telefone e internet
A105: DATA DO | C105: ESPECIFICAÇÃO DO | E105: NATUREZA DA DESPESA | G105: VALOR - R$
A106: DOCUMENTO | C106: DOCUMENTO | E106: RESUMIDAMENTE
J110: =DADOS!E$31 -> 0
F111: TOTAL UTILIDADES PÚBLICAS | G111: =SUM(G107:G110) -> 0 | H111: =IF(J111>J110*0.05,"DIMINUIR VALOR",IF(J111<-J110*0.05,"AUMENTAR VALOR","")) | J111: =G111-J110 -> 0
A112: MANUTENÇÃO: Gêneros alimentícios
A113: DATA DO | C113: ESPECIFICAÇÃO DO | E113: NATUREZA DA DESPESA | G113: VALOR - R$
A114: DOCUMENTO | C114: DOCUMENTO | E114: RESUMIDAMENTE
J125: =DADOS!F$31 -> 0
F126: TOTAL GÊNEROS ALIMENTICIOS | G126: =SUM(G115:G125) -> 0 | H126: =IF(J126>J125*0.05,"DIMINUIR VALOR",IF(J126<-J125*0.05,"AUMENTAR VALOR","")) | J126: =G126-J125 -> 0
A127: MANUTENÇÃO: Materiais de consumo
A128: DATA DO | C128: ESPECIFICAÇÃO DO | E128: NATUREZA DA DESPESA | G128: VALOR - R$
A129: DOCUMENTO | C129: DOCUMENTO | E129: RESUMIDAMENTE
J137: =DADOS!G$31 -> 0
F138: TOTAL MATERIAIS DE CONSUMO | G138: =SUM(G130:G137) -> 0 | H138: =IF(J138>J137*0.05,"DIMINUIR VALOR",IF(J138<-J137*0.05,"AUMENTAR VALOR","")) | J138: =G138-J137 -> 0
A139: MANUTENÇÃO: Combustível
A140: DATA DO | C140: ESPECIFICAÇÃO DO | E140: NATUREZA DA DESPESA | G140: VALOR - R$
A141: DOCUMENTO | C141: DOCUMENTO | E141: RESUMIDAMENTE
F144: TOTAL COMBUSTIVEL | G144: =SUM(G142:G143) -> 0
A145: MANUTENÇÃO: Outras despesas
A146: DATA DO | C146: ESPECIFICAÇÃO DO | E146: NATUREZA DA DESPESA | G146: VALOR - R$
A147: DOCUMENTO | C147: DOCUMENTO | E147: RESUMIDAMENTE
J150: =DADOS!I$31 -> 0
H151: =IF(J151>J150*0.05,"DIMINUIR VALOR",IF(J151<-J150*0.05,"AUMENTAR VALOR","")) | J151: =G153-J150 -> 0
F153: TOTAL OUTRAS DESPESAS | G153: =SUM(G148:G152) -> 0 | J153: =DADOS!J$31 -> 0
F154: TOTAL MANUTENÇÃO | G154: =SUM(G153+G144+G138+G126+G111) -> 0 | H154: =IF(J154>J153*0.05,"DIMINUIR VALOR",IF(J154<-J153*0.05,"AUMENTAR VALOR","")) | J154: =G154-J153 -> 0
F155: TOTAL GERAL | G155: =SUM(G154+G103) -> 0 | H155: =IF(G155>J155,"DIMINUIR VALOR",IF(G155<J155,"AUMENTAR VALOR","")) | J155: =J102+J153 -> 0
A156: Declaramos que os valores acima conferem com o Demonstrativo Integral das Receitas e Despesas do Exercício, elaborado nos moldes das Instruções vigentes do Tribunal de Contas do Estado de São Paulo.
B157: Americana, | C157: =C47 -> helenira
A172: Declaração
A175: Declaramos, para os devidos fins, que os comprovantes de despesas constantes na Prestação de Contas da
A176: parcela abaixo, estão devidamente quitados:
A177: =C16 -> 11 | B177: ª parcela do | C177: =A13 -> TERMO DE COLABORAÇÃO | E177: =D13 -> 148/2025 | F177: =E13 -> ADITAMENTO | G177: =F13 -> 0
B179: Americana, | C179: =C47 -> helenira

Sheet Parcela 12
A4: DEMONSTRATIVO INTEGRAL DAS RECEITAS E DESPESAS
D5: =DADOS!A5 -> EXERCÍCIO: | E5: =DADOS!C5 -> 2025
A8: =DADOS!A$8 -> CONTRATANTE | D8: =DADOS!D$8 -> Prefeitura Municipal de Americana
A9: =DADOS!A$9 -> CONTRATADA | D9: =DADOS!D$9 -> Associação Beneficente Residencial Evangélico Benaiah
A10: =DADOS!A$14 -> CNPJ: | D10: =DADOS!B$14 -> 43.266.758/0001-89
A11: =DADOS!A$10 -> ENDEREÇO | D11: =DADOS!D$10 -> Rua Benaiah, 290 - Terramérica - Americana/SP – CEP 13.468-824
A12: =DADOS!A$11 -> RESPONSAVEL PELA ORGANIZAÇÃO | D12: =DADOS!D$11 -> HELIO DE OLIVEIRA CAMARGO
A13: =DADOS!A$13 -> TERMO DE COLABORAÇÃO | D13: =DADOS!D13 -> 148/2025 | E13: =DADOS!E13 -> ADITAMENTO | F13: =DADOS!F13 -> 0
A16: PARCELA Nº | C16: 12
A17: DEMOSTRATICO DOS REPASSES PÚBLICOS RECEBIDOS
A18: ORIGEM DOS RECURSOS | C18: VALORES PREVISTOS - R$ | E18: DOC. DE CRÉDITO Nº | F18: DATA | G18: VALORES
G19: REPASSADOS -R$
A20: Estadual | D20: =DADOS!C32 -> 0
F24: RECEITA COM APLICAÇÕES FINANCEIRAS DOS REPASSES PÚBLICOS
F25: SALDO DE RECURSOS PÚBLICOS NÃO APLICADOS | G25: ='Parcela 11'!G44 -> -18228
F26: TOTAL | G26: =SUM(G20:G25) -> -18228
F27: RECURSOS PROPRIOS APLICADOS PELA ENTIDADE
A28: Os signatários, na qualidade de representantes da Associação Beneficente Residencial Evangélico Benaiah, vem indicar,
A29: na forma abaixo detalhada, a aplicação dos recursos recebidos no exercício supramencionado, na importância total de
A30: =SUM(G20:G23) -> 0 | B30: (nove mil, duzentos e quarenta reais), acrescidos do saldo de recursos não
A31: aplicados no valor de R$ | C31: =G25 -> -18228 | D31: ( reais)
A32: DEMONSTRATIVO DAS DESPESAS REALIZADAS
A33: CATEGORIA OU FINALIDADE | D33: PERIODO DE | F33: ORIGEM DO | G33: VALORES
A34: DAS DESPESAS | D34: REALIZAÇÃO | F34: RECURSO | G34: APLICADOS
A35: RECURSOS HUMANOS | D35: =DADOS!B$32 -> março | F35: Estadual | G35: =G103 -> 0
A36: MANUTENÇÃO - Utilidades públicas | D36: =DADOS!B$32 -> março | F36: Estadual | G36: =G111 -> 0
A37: MANUTENÇÃO - Gêneros alimentícios | D37: =DADOS!B$32 -> março | F37: Estadual | G37: =G126 -> 0
A38: MANUTENÇÃO - Mateirais de consumo | D38: =DADOS!B$32 -> março | F38: Estadual | G38: =G138 -> 0
A39: MANUTENÇÃO - Combustível | D39: =DADOS!B$32 -> março | F39: Estadual | G39: =G144 -> 0
A40: MANUTENÇÃO - Outras despesas | D40: =DADOS!B$32 -> março | F40: Estadual | G40: =G153 -> 0
A41: TOTAL DAS DESPESAS | G41: =SUM(G35:G40) -> 0
A42: RECURSO PÚBLICO NÃO APLICADO | G42: =SUM(G26-G41) -> -18228
A43: VALOR DEVOLVIDO AO ORGÃO CONCESSOR
A44: VALOR AUTORIZADO PARA APLICAÇÃO NO EXERCICIO SEGUINTE | G44: =G42-G43 -> -18228
A45: Declaramos, na qualidade de responsáveis pela Entidade supra epigrafada, sob as penalidades da Lei, que as despesas relacionadas, examinadas pelo Conselho Fiscal, comprovam a exata aplicação dos recursos recebidos para os fins indicados através da conta corrente 003/00004496-0, agência 0278, para finalidade específica, conforme programa de trabalho aprovado, proposto ao Órgão Concessor.
B47: Americana,
A53: Membros do Conselho Fiscal
B57: =A4 -> DEMONSTRATIVO INTEGRAL DAS RECEITAS E DESPESAS
D58: =D5 -> EXERCÍCIO: | E58: =E5 -> 2025
A60: =A8 -> CONTRATANTE | D60: =D8 -> Prefeitura Municipal de Americana
A61: =A9 -> CONTRATADA | D61: =D9 -> Associação Beneficente Residencial Evangélico Benaiah
A62: =A10 -> CNPJ: | D62: =D10 -> 43.266.758/0001-89
A63: =A11 -> ENDEREÇO | D63: =D11 -> Rua Benaiah, 290 - Terramérica - Americana/SP – CEP 13.468-824
A64: =A12 -> RESPONSAVEL PELA ORGANIZAÇÃO | D64: =D12 -> HELIO DE OLIVEIRA CAMARGO
A65: =A13 -> TERMO DE COLABORAÇÃO | D65: =D13 -> 148/2025 | E65: =E13 -> ADITAMENTO | F65: =F13 -> 0
A66: PARCELA Nº | C66: =C16 -> 12
A67: RECURSOS HUMANOS (5) - Salários, encargos e benefícios
A68: DATA DO | C68: ESPECIFICAÇÃO DO | E68: NATUREZA DA DESPESA | G68: VALOR - R$
A69: DOCUMENTO | C69: DOCUMENTO | E69: RESUMIDAMENTE
J102: =DADOS!D$32 -> 0
F103: TOTAL RECURSOS HUMANOS | G103: =SUM(G70:G102) -> 0 | H103: =IF(J103>J102*0.05,"DIMINUIR VALOR",IF(J103<-J102*0.05,"AUMENTAR VALOR","")) | J103: =G103-J102 -> 0
A104: MANUTENÇÃO: Uilidades públicas (7) - Energia Elétrica, água e esgoto, gás, telefone e internet
A105: DATA DO | C105: ESPECIFICAÇÃO DO | E105: NATUREZA DA DESPESA | G105: VALOR - R$
A106: DOCUMENTO | C106: DOCUMENTO | E106: RESUMIDAMENTE
J110: =DADOS!E$32 -> 0
F111: TOTAL UTILIDADES PÚBLICAS | G111: =SUM(G107:G110) -> 0 | H111: =IF(J111>J110*0.05,"DIMINUIR VALOR",IF(J111<-J110*0.05,"AUMENTAR VALOR","")) | J111: =G111-J110 -> 0
A112: MANUTENÇÃO: Gêneros alimentícios
A113: DATA DO | C113: ESPECIFICAÇÃO DO | E113: NATUREZA DA DESPESA | G113: VALOR - R$
A114: DOCUMENTO | C114: DOCUMENTO | E114: RESUMIDAMENTE
J125: =DADOS!F$32 -> 0
F126: TOTAL GÊNEROS ALIMENTICIOS | G126: =SUM(G115:G125) -> 0 | H126: =IF(J126>J125*0.05,"DIMINUIR VALOR",IF(J126<-J125*0.05,"AUMENTAR VALOR","")) | J126: =G126-J125 -> 0
A127: MANUTENÇÃO: Materiais de consumo
A128: DATA DO | C128: ESPECIFICAÇÃO DO | E128: NATUREZA DA DESPESA | G128: VALOR - R$
A129: DOCUMENTO | C129: DOCUMENTO | E129: RESUMIDAMENTE
J137: =DADOS!G$32 -> 0
F138: TOTAL MATERIAIS DE CONSUMO | G138: =SUM(G130:G137) -> 0 | H138: =IF(J138>J137*0.05,"DIMINUIR VALOR",IF(J138<-J137*0.05,"AUMENTAR VALOR","")) | J138: =G138-J137 -> 0
A139: MANUTENÇÃO: Combustível
A140: DATA DO | C140: ESPECIFICAÇÃO DO | E140: NATUREZA DA DESPESA | G140: VALOR - R$
A141: DOCUMENTO | C141: DOCUMENTO | E141: RESUMIDAMENTE
F144: TOTAL COMBUSTIVEL | G144: =SUM(G142:G143) -> 0
A145: MANUTENÇÃO: Outras despesas
A146: DATA DO | C146: ESPECIFICAÇÃO DO | E146: NATUREZA DA DESPESA | G146: VALOR - R$
A147: DOCUMENTO | C147: DOCUMENTO | E147: RESUMIDAMENTE
J150: =DADOS!I$32 -> 0
H151: =IF(J151>J150*0.05,"DIMINUIR VALOR",IF(J151<-J150*0.05,"AUMENTAR VALOR","")) | J151: =G153-J150 -> 0
F153: TOTAL OUTRAS DESPESAS | G153: =SUM(G148:G152) -> 0 | J153: =DADOS!J$32 -> 0
F154: TOTAL MANUTENÇÃO | G154: =SUM(G153+G144+G138+G126+G111) -> 0 | H154: =IF(J154>J153*0.05,"DIMINUIR VALOR",IF(J154<-J153*0.05,"AUMENTAR VALOR","")) | J154: =G154-J153 -> 0
F155: TOTAL GERAL | G155: =SUM(G154+G103) -> 0 | H155: =IF(G155>J155,"DIMINUIR VALOR",IF(G155<J155,"AUMENTAR VALOR","")) | J155: =J102+J153 -> 0
A156: Declaramos que os valores acima conferem com o Demonstrativo Integral das Receitas e Despesas do Exercício, elaborado nos moldes das Instruções vigentes do Tribunal de Contas do Estado de São Paulo.
B157: Americana, | C157: =C47 -> 0
A172: Declaração
A175: Declaramos, para os devidos fins, que os comprovantes de despesas constantes na Prestação de Contas da
A176: parcela abaixo, estão devidamente quitados:
A177: =C16 -> 12 | B177: ª parcela do | C177: =A13 -> TERMO DE COLABORAÇÃO | E177: =D13 -> 148/2025 | F177: =E13 -> ADITAMENTO | G177: =F13 -> 0
B179: Americana, | C179: =C47 -> 0

Sheet GLOBAL
A4: DEMONSTRATIVO INTEGRAL DAS RECEITAS E DESPESAS
C5: =DADOS!A5 -> EXERCÍCIO: | D5: =DADOS!C5 -> 2025
A8: =DADOS!A$8 -> CONTRATANTE | C8: =DADOS!D$8 -> Prefeitura Municipal de Americana
A9: =DADOS!A$9 -> CONTRATADA | C9: =DADOS!D$9 -> Associação Beneficente Residencial Evangélico Benaiah
A10: =DADOS!A$14 -> CNPJ: | C10: =DADOS!B$14 -> 43.266.758/0001-89
A11: =DADOS!A$10 -> ENDEREÇO | C11: =DADOS!D$10 -> Rua Benaiah, 290 - Terramérica - Americana/SP – CEP 13.468-824
A12: =DADOS!A$11 -> RESPONSAVEL PELA ORGANIZAÇÃO | C12: =DADOS!D$11 -> HELIO DE OLIVEIRA CAMARGO
A13: =DADOS!A$13 -> TERMO DE COLABORAÇÃO | C13: =DADOS!D13 -> 148/2025 | D13: =DADOS!E13 -> ADITAMENTO | E13: =DADOS!F13 -> 0
A15: GLOBAL - Estadual
A17: DEMOSTRATICO DOS REPASSES PÚBLICOS RECEBIDOS
A18: PARCELAS | B18: ORIGEM DOS RECURSOS | C18: VALORES PREVISTOS | D18: DOC. DE CRÉDITO Nº | E18: DATA | F18: VALORES
F19: REPASSADOS -R$
A20: 1ª | B20: ='Parcela 1'!A$20 -> Estadual | C20: ='Parcela 1'!D$20 -> 18228 | D20: ='Parcela 1'!E$20 -> 000001 | E20: ='Parcela 1'!F$20 -> 45772 | F20: ='Parcela 1'!G$20 -> 18228
A21: 2ª | B21: ='Parcela 2'!A$20 -> Estadual | C21: ='Parcela 2'!D$20 -> 18228 | D21: ='Parcela 2'!E$20 -> 000001 | E21: ='Parcela 2'!F$20 -> 45800 | F21: ='Parcela 2'!G$20 -> 18228
A22: 3ª | B22: ='Parcela 3'!A$20 -> Estadual | C22: ='Parcela 3'!D$20 -> 18228 | D22: ='Parcela 3'!E$20 -> 000001 | E22: ='Parcela 3'!F$20 -> 45833 | F22: ='Parcela 3'!G$20 -> 18228
A23: 4ª | B23: ='Parcela 4'!A$20 -> Estadual | C23: ='Parcela 4'!D$20 -> 18228 | D23: ='Parcela 4'!E$20 -> 0 | E23: ='Parcela 4'!F$20 -> 0 | F23: ='Parcela 4'!G$20 -> 0
A24: 5ª | B24: ='Parcela 5'!A$20 -> Estadual | C24: ='Parcela 5'!D$20 -> 18228 | D24: ='Parcela 5'!E$20 -> 0 | E24: ='Parcela 5'!F$20 -> 0 | F24: ='Parcela 5'!G$20 -> 0
A25: 6ª | B25: ='Parcela 6'!A$20 -> Estadual | C25: ='Parcela 6'!D$20 -> 18228 | D25: ='Parcela 6'!E$20 -> 0 | E25: ='Parcela 6'!F$20 -> 0 | F25: ='Parcela 6'!G$20 -> 0
A26: 7ª | B26: ='Parcela 7'!A$20 -> Estadual | C26: ='Parcela 7'!D$20 -> 18228 | D26: ='Parcela 7'!E$20 -> 0 | E26: ='Parcela 7'!F$20 -> 0 | F26: ='Parcela 7'!G$20 -> 0
A27: 8ª | B27: ='Parcela 8'!A$20 -> Estadual | C27: ='Parcela 8'!D$20 -> 18228 | D27: ='Parcela 8'!E$20 -> 0 | E27: ='Parcela 8'!F$20 -> 0 | F27: ='Parcela 8'!G$20 -> 0
A28: 9ª | B28: ='Parcela 9'!A$20 -> Estadual | C28: ='Parcela 9'!D$20 -> 18228 | D28: ='Parcela 9'!E$20 -> 0 | E28: ='Parcela 9'!F$20 -> 0 | F28: ='Parcela 9'!G$20 -> 0
A29: 10ª | B29: ='parcela 10'!A$20 -> Estadual | C29: ='parcela 10'!D$20 -> 0 | D29: ='parcela 10'!E$20 -> 0 | E29: ='parcela 10'!F$20 -> 0 | F29: ='parcela 10'!G$20 -> 0
A30: 11ª | B30: ='Parcela 11'!A$20 -> Estadual | C30: ='Parcela 11'!D$20 -> 0 | D30: ='Parcela 11'!E$20 -> 0 | E30: ='Parcela 11'!F$20 -> 0 | F30: ='Parcela 11'!G$20 -> 0
A31: 12ª | B31: ='Parcela 12'!A$20 -> Estadual | C31: ='Parcela 12'!D$20 -> 0 | D31: ='Parcela 12'!E$20 -> 0 | E31: ='Parcela 12'!F$20 -> 0 | F31: ='Parcela 12'!G$20 -> 0
E32: RECEITA COM APLICAÇÕES FINANCEIRAS DOS REPASSES PÚBLICOS
E33: TOTAL | F33: =SUM(F20:F32) -> 54684
E34: RECURSOS PROPRIOS APLICADOS PELA ENTIDADE
A36: Os signatários, na qualidade de representantes da Associação Beneficente Residencial Evangélico Benaiah, vem indicar,
A37: na forma abaixo detalhada, a aplicação dos recursos recebidos no exercício supramencionado, na importância total de
A38: =F33 -> 54684 | B38: (cento e sessenta e quatro mil, duzentos e quinze reais e sessenta centavos).
A40: DEMONSTRATIVO DAS DESPESAS REALIZADAS
A41: CATEGORIA OU FINALIDADE | D41: PERIODO DE | E41: ORIGEM DO | F41: VALORES
A42: DAS DESPESAS | D42: REALIZAÇÃO | E42: RECURSO | F42: APLICADOS
A43: =DADOS!D19 -> RECURSOS HUMANOS | D43: abril a dezembro | E43: Estadual | F43: =F126 -> 72912
A44: TOTAL DAS DESPESAS | F44: =SUM(F43:F43) -> 72912
A45: RECURSO PÚBLICO NÃO APLICADO | F45: 0
A46: VALOR DEVOLVIDO AO ORGÃO CONCESSOR | F46: 0
A47: VALOR AUTORIZADO PARA APLICAÇÃO NO EXERCICIO SEGUINTE | F47: =F45-F46 -> 0
A48: Declaramos, na qualidade de responsáveis pela Entidade supra epigrafada, sob as penalidades da Lei, que as despesas relacionadas, examinadas pelo Conselho Fiscal, comprovam a exata aplicação dos recursos recebidos para os fins indicados através da conta corrente 003/00004496-0, agência 0278, para finalidade específica, conforme programa de trabalho aprovado, proposto ao Órgão Concessor.
B50: Americana,
A56: Membros do Conselho Fiscal
A61: DEMONSTRATIVO INTEGRAL DAS RECEITAS E DESPESAS
C62: =DADOS!A5 -> EXERCÍCIO: | D62: =DADOS!C5 -> 2025
A65: =DADOS!A$8 -> CONTRATANTE | C65: =DADOS!D$8 -> Prefeitura Municipal de Americana
A66: =DADOS!A$9 -> CONTRATADA | C66: =DADOS!D$9 -> Associação Beneficente Residencial Evangélico Benaiah
A67: =DADOS!A$14 -> CNPJ: | C67: =DADOS!B$14 -> 43.266.758/0001-89
A68: =DADOS!A$10 -> ENDEREÇO | C68: =DADOS!D$10 -> Rua Benaiah, 290 - Terramérica - Americana/SP – CEP 13.468-824
A69: =DADOS!A$11 -> RESPONSAVEL PELA ORGANIZAÇÃO | C69: =DADOS!D$11 -> HELIO DE OLIVEIRA CAMARGO
A70: =DADOS!A$13 -> TERMO DE COLABORAÇÃO | C70: =DADOS!D13 -> 148/2025 | D70: =DADOS!E13 -> ADITAMENTO | E70: =DADOS!F13 -> 0
B72: Os documentos abaixo relacionados correspondem ao total recebido
A73: PARCELA GLOBAL - Estadual
C75: =A43 -> RECURSOS HUMANOS
A76: DATA DO | B76: ESPECIFICAÇÃO DO | D76: NATUREZA DA DESPESA | F76: VALOR - R$
A77: DOCUMENTO | B77: DOCUMENTO | D77: RESUMIDAMENTE
A78: ='Parcela 1'!A70 -> 45776 | B78: ='Parcela 1'!C70 -> Vegas Card-Rec.432644(parte) | D78: ='Parcela 1'!E70 -> Vale alimentação | F78: ='Parcela 1'!G70 -> 11780
A79: ='Parcela 1'!A71 -> 45748 | B79: ='Parcela 1'!C71 -> GPS-Comp.04/2025(parte) | D79: ='Parcela 1'!E71 -> Folha de pagamento - GPS | F79: ='Parcela 1'!G71 -> 6448
A80: ='Parcela 1'!A72 -> 0 | B80: ='Parcela 1'!C72 -> 0 | D80: ='Parcela 1'!E72 -> 0 | F80: ='Parcela 1'!G72 -> 0
A82: ='Parcela 2'!A70 -> 45807 | B82: ='Parcela 2'!C70 -> Vegas card-Rec439561(parte) | D82: ='Parcela 2'!E70 -> Vale alimentação | F82: ='Parcela 2'!G70 -> 11780
A83: ='Parcela 2'!A71 -> 45778 | B83: ='Parcela 2'!C71 -> FGTS-Comp.05/2025(parte) | D83: ='Parcela 2'!E71 -> Folha de pagamento - FGTS | F83: ='Parcela 2'!G71 -> 6448
A84: ='Parcela 2'!A72 -> 0 | B84: ='Parcela 2'!C72 -> 0 | D84: ='Parcela 2'!E72 -> 0 | F84: ='Parcela 2'!G72 -> 0
A86: ='Parcela 3'!A70 -> 45834 | B86: ='Parcela 3'!C70 -> Vegas card-Rec.444899(parte) | D86: ='Parcela 3'!E70 -> Vale alimentação | F86: ='Parcela 3'!G70 -> 11780
A87: ='Parcela 3'!A71 -> 45809 | B87: ='Parcela 3'!C71 -> FGTS-comp.06/2025(parte) | D87: ='Parcela 3'!E71 | F87: ='Parcela 3'!G71 -> 6448
A88: ='Parcela 3'!A72 -> 0 | B88: ='Parcela 3'!C72 -> 0 | D88: ='Parcela 3'!E72 -> 0 | F88: ='Parcela 3'!G72 -> 0
A90: ='Parcela 4'!A70 -> 45860 | B90: ='Parcela 4'!C70 -> Vegas Card-Rec. 450618 | D90: ='Parcela 4'!E70 -> Vale alimentação | F90: ='Parcela 4'!G70 -> 11000
A91: ='Parcela 4'!A71 -> 45839 | B91: ='Parcela 4'!C71 -> FGTS Com. 07/2025 - Parte | D91: ='Parcela 4'!E71 -> Folha de pagamento - FGTS | F91: ='Parcela 4'!G71 -> 7228
A92: ='Parcela 4'!A72 -> 0 | B92: ='Parcela 4'!C72 -> 0 | D92: ='Parcela 4'!E72 -> 0 | F92: ='Parcela 4'!G72 -> 0
A94: ='Parcela 5'!A70 -> 0 | B94: ='Parcela 5'!C70 -> 0 | D94: ='Parcela 5'!E70 -> Vale alimentação | F94: ='Parcela 5'!G70 -> 0
A95: ='Parcela 5'!A71 -> 0 | B95: ='Parcela 5'!C71 -> 0 | D95: ='Parcela 5'!E71 -> Folha de pagamento - GPS | F95: ='Parcela 5'!G71 -> 0
A96: ='Parcela 5'!A72 -> 0 | B96: ='Parcela 5'!C72 -> 0 | D96: ='Parcela 5'!E72 -> 0 | F96: ='Parcela 5'!G72 -> 0
A98: ='Parcela 6'!A70 -> 0 | B98: ='Parcela 6'!C70 -> 0 | D98: ='Parcela 6'!E70 -> Vale alimentação | F98: ='Parcela 6'!G70 -> 0
A99: ='Parcela 6'!A71 -> 0 | B99: ='Parcela 6'!C71 -> 0 | D99: ='Parcela 6'!E71 -> Folha de pagamento - GPS | F99: ='Parcela 6'!G71 -> 0
A100: ='Parcela 6'!A72 -> 0 | B100: ='Parcela 6'!C72 -> 0 | D100: ='Parcela 6'!E72 -> 0 | F100: ='Parcela 6'!G72 -> 0
A102: ='Parcela 7'!A70 -> 0 | B102: ='Parcela 7'!C70 -> 0 | D102: ='Parcela 7'!E70 -> Vale alimentação | F102: ='Parcela 7'!G70 -> 0
A103: ='Parcela 7'!A71 -> 0 | B103: ='Parcela 7'!C71 -> 0 | D103: ='Parcela 7'!E71 -> Folha de pagamento - GPS | F103: ='Parcela 7'!G71 -> 0
A104: ='Parcela 7'!A72 -> 0 | B104: ='Parcela 7'!C72 -> 0 | D104: ='Parcela 7'!E72 -> 0 | F104: ='Parcela 7'!G72 -> 0
A106: ='Parcela 8'!A70 -> 0 | B106: ='Parcela 8'!C70 -> 0 | D106: ='Parcela 8'!E70 -> Vale alimentação | F106: ='Parcela 8'!G70 -> 0
A107: ='Parcela 8'!A71 -> 0 | B107: ='Parcela 8'!C71 -> 0 | D107: ='Parcela 8'!E71 -> Folha de pagamento - GPS | F107: ='Parcela 8'!G71 -> 0
A108: ='Parcela 8'!A72 -> 0 | B108: ='Parcela 8'!C72 -> 0 | D108: ='Parcela 8'!E72 -> 0 | F108: ='Parcela 8'!G72 -> 0
A110: ='Parcela 9'!A70 -> 0 | B110: ='Parcela 9'!C70 -> 0 | D110: ='Parcela 9'!E70 -> Vale alimentação | F110: ='Parcela 9'!G70 -> 0
A111: ='Parcela 9'!A71 -> 0 | B111: ='Parcela 9'!C71 -> 0 | D111: ='Parcela 9'!E71 -> Folha de pagamento - GPS | F111: ='Parcela 9'!G71 -> 0
A112: ='Parcela 9'!A72 -> 0 | B112: ='Parcela 9'!C72 -> 0 | D112: ='Parcela 9'!E72 -> 0 | F112: ='Parcela 9'!G72 -> 0
A114: ='parcela 10'!A70 -> 0 | B114: ='parcela 10'!C70 -> 0 | D114: ='parcela 10'!E70 -> 0 | F114: ='parcela 10'!G70 -> 0
A115: ='parcela 10'!A71 -> 0 | B115: ='parcela 10'!C71 -> 0 | D115: ='parcela 10'!E71 -> 0 | F115: ='parcela 10'!G71 -> 0
A116: ='parcela 10'!A72 -> 0 | B116: ='parcela 10'!C72 -> 0 | D116: ='parcela 10'!E72 -> 0 | F116: ='parcela 10'!G72 -> 0
A118: ='Parcela 11'!A70 -> 0 | B118: ='Parcela 11'!C70 -> 0 | D118: ='Parcela 11'!E70 -> 0 | F118: ='Parcela 11'!G70 -> 0
A119: ='Parcela 11'!A71 -> 0 | B119: ='Parcela 11'!C71 -> 0 | D119: ='Parcela 11'!E71 -> 0 | F119: ='Parcela 11'!G71 -> 0
A120: ='Parcela 11'!A72 -> 0 | B120: ='Parcela 11'!C72 -> 0 | D120: ='Parcela 11'!E72 -> 0 | F120: ='Parcela 11'!G72 -> 0
A122: ='Parcela 12'!A70 -> 0 | B122: ='Parcela 12'!C70 -> 0 | D122: ='Parcela 12'!E70 -> 0 | F122: ='Parcela 12'!G70 -> 0
A123: ='Parcela 12'!A71 -> 0 | B123: ='Parcela 12'!C71 -> 0 | D123: ='Parcela 12'!E71 -> 0 | F123: ='Parcela 12'!G71 -> 0
A124: ='Parcela 12'!A72 -> 0 | B124: ='Parcela 12'!C72 -> 0 | D124: ='Parcela 12'!E72 -> 0 | F124: ='Parcela 12'!G72 -> 0
E126: TOTAL RECURSOS HUMANOS | F126: =SUM(F78:F124) -> 72912
E128: TOTAL GERAL | F128: =F126 -> 72912
A141: Declaração
A144: Declaramos, para os devidos fins, que os comprovantes de despesas constantes na Prestação de Contas da
A145: parcela abaixo, estão devidamente quitados:
A146: =A15 -> GLOBAL - Estadual | C146: =A13 -> TERMO DE COLABORAÇÃO | D146: =C13 -> 148/2025 | E146: =D13 -> ADITAMENTO | F146: =E13 -> 0
B148: Americana, | C148: =C50 -> 0
